Workbook

Sheet Read Me
A1: TIPS FOR TECHNICAL COMMITTEE CHAIRS AND OTHERS WHO WILL BE CONSIDERING SPONSORING ORGANIZATION COMMENTS
A3: This spreadsheet format was created to make it easier for you to absorb a large number of comments and to spend your time and energy on carefully considering the comments.
A5: The Vote tab summarizes the vote on each Technical Committee Recommendation. This info provides an overview on how favorably an item was viewed by sponsoring organizations.
A6: For each Technical Committee Recommendation, comments have been sorted, as follows.
A7: The votes by each individual appear in the first instance of a comment from that person.
A8: General comments appear in the upper portion of the spreadsheet. These are comments that the commenter did not relate to a particular line in the Technical Committee Recommendation.
A9: Comments related to a particular line in the Technical Committee Recommendation appear next, and these comments are sorted according to the starting line number.
A10: When using line numbers in the comments, be sure that you refer to the version of the Technical Committee Recommendation that was circulated to the sponsoring organizations.
A11: Simple concurrence votes without comments are grouped at the bottom of each sheet.
A12: If you choose do your own sort, do so on a copy of the spreadsheet, not the original. Always select all columns before sorting.
A14: If you have ideas, feedback, or suggestions for improvements, please forward them to NCUTCD at
A15: secretary@ncutcd.org

Sheet Vote
A1: SUMMARY OF VOTE BY COMMENTERS
C2: AASHTO States | F2: ITE Reviewers | I2: Other Sponsoring Organizations | L2: Combined
B3: Total number of comments received | C3: Fully Concur | D3: Concur in Part | E3: Do Not Concur | F3: Fully Concur | G3: Concur in Part | H3: Do Not Concur | I3: Fully Concur | J3: Concur in Part | K3: Do Not Concur | L3: Fully Concur | M3: Concur in Part | N3: Do Not Concur | O3: From Sheets
A4: 26B-BIK-01 | B4: ='26B-BIK-01'!L203 -> 110 | C4: 19 | D4: 12 | E4: 3 | F4: 21 | G4: 6 | H4: 3 | I4: =O4-C4-F4 -> 15 | J4: =P4-D4-G4 -> 10 | K4: =Q4-E4-H4 -> 2 | L4: =C4+F4+I4 -> 55 | M4: =D4+G4+J4 -> 28 | N4: =E4+H4+K4 -> 8 | O4: ='26B-BIK-01'!E$202 -> 55 | P4: ='26B-BIK-01'!F$202 -> 28 | Q4: ='26B-BIK-01'!G$202 -> 8
A5: 26B-EDT-01 | B5: ='26B-EDT-01'!L303 -> 222 | C5: 17 | D5: 15 | E5: 2 | F5: 18 | G5: 11 | H5: 2 | I5: =O5-C5-F5 -> 10 | J5: =P5-D5-G5 -> 13 | K5: =Q5-E5-H5 -> 0 | L5: =C5+F5+I5 -> 45 | M5: =D5+G5+J5 -> 39 | N5: =E5+H5+K5 -> 4 | O5: ='26B-EDT-01'!E$302 -> 45 | P5: ='26B-EDT-01'!F$302 -> 39 | Q5: ='26B-EDT-01'!G$302 -> 4
A6: 26B-GMI-01 | B6: ='26B-GMI-01'!L153 -> 33 | C6: 27 | D6: 5 | E6: 1 | F6: 25 | G6: 5 | H6: 1 | I6: =O6-C6-F6 -> 15 | J6: =P6-D6-G6 -> 4 | K6: =Q6-E6-H6 -> 1 | L6: =C6+F6+I6 -> 67 | M6: =D6+G6+J6 -> 14 | N6: =E6+H6+K6 -> 3 | O6: ='26B-GMI-01'!E$152 -> 67 | P6: ='26B-GMI-01'!F$152 -> 14 | Q6: ='26B-GMI-01'!G$152 -> 3
A7: 26B-GMI-02 | B7: ='26B-GMI-02'!L153 -> 49 | C7: 26 | D7: 5 | E7: 1 | F7: 19 | G7: 12 | H7: 0 | I7: =O7-C7-F7 -> 15 | J7: =P7-D7-G7 -> 6 | K7: =Q7-E7-H7 -> 1 | L7: =C7+F7+I7 -> 60 | M7: =D7+G7+J7 -> 23 | N7: =E7+H7+K7 -> 2 | O7: ='26B-GMI-02'!E$152 -> 60 | P7: ='26B-GMI-02'!F$152 -> 23 | Q7: ='26B-GMI-02'!G$152 -> 2
A8: 26B-GMI-03 | B8: ='26B-GMI-03'!L103 -> 25 | C8: 28 | D8: 4 | E8: 1 | F8: 21 | G8: 9 | H8: 0 | I8: =O8-C8-F8 -> 18 | J8: =P8-D8-G8 -> 3 | K8: =Q8-E8-H8 -> 0 | L8: =C8+F8+I8 -> 67 | M8: =D8+G8+J8 -> 16 | N8: =E8+H8+K8 -> 1 | O8: ='26B-GMI-03'!E$102 -> 67 | P8: ='26B-GMI-03'!F$102 -> 16 | Q8: ='26B-GMI-03'!G$102 -> 1
A9: 26B-PED-01 | B9: ='26B-PED-01'!L153 -> 51 | C9: 18 | D9: 9 | E9: 8 | F9: 25 | G9: 4 | H9: 1 | I9: =O9-C9-F9 -> 20 | J9: =P9-D9-G9 -> 5 | K9: =Q9-E9-H9 -> 2 | L9: =C9+F9+I9 -> 63 | M9: =D9+G9+J9 -> 18 | N9: =E9+H9+K9 -> 11 | O9: ='26B-PED-01'!E$152 -> 63 | P9: ='26B-PED-01'!F$152 -> 18 | Q9: ='26B-PED-01'!G$152 -> 11
A10: 26B-PED-02 | B10: ='26B-PED-02'!L153 -> 74 | C10: 21 | D10: 13 | E10: 0 | F10: 17 | G10: 12 | H10: 2 | I10: =O10-C10-F10 -> 11 | J10: =P10-D10-G10 -> 14 | K10: =Q10-E10-H10 -> 0 | L10: =C10+F10+I10 -> 49 | M10: =D10+G10+J10 -> 39 | N10: =E10+H10+K10 -> 2 | O10: ='26B-PED-02'!E$152 -> 49 | P10: ='26B-PED-02'!F$152 -> 39 | Q10: ='26B-PED-02'!G$152 -> 2
A11: 26B-RR-01 | B11: ='26B-RR-01'!L103 -> 28 | C11: 25 | D11: 5 | E11: 1 | F11: 26 | G11: 5 | H11: 0 | I11: =O11-C11-F11 -> 15 | J11: =P11-D11-G11 -> 7 | K11: =Q11-E11-H11 -> 0 | L11: =C11+F11+I11 -> 66 | M11: =D11+G11+J11 -> 17 | N11: =E11+H11+K11 -> 1 | O11: ='26B-RR-01'!E$102 -> 66 | P11: ='26B-RR-01'!F$102 -> 17 | Q11: ='26B-RR-01'!G$102 -> 1
A12: 26B-RR-02 | B12: ='26B-RR-02'!L153 -> 45 | C12: 18 | D12: 12 | E12: 2 | F12: 24 | G12: 7 | H12: 0 | I12: =O12-C12-F12 -> 18 | J12: =P12-D12-G12 -> 5 | K12: =Q12-E12-H12 -> 0 | L12: =C12+F12+I12 -> 60 | M12: =D12+G12+J12 -> 24 | N12: =E12+H12+K12 -> 2 | O12: ='26B-RR-02'!E$152 -> 60 | P12: ='26B-RR-02'!F$152 -> 24 | Q12: ='26B-RR-02'!G$152 -> 2
A13: 26B-RW-01 | B13: ='26B-RW-01'!L153 -> 51 | C13: 20 | D13: 10 | E13: 3 | F13: 20 | G13: 7 | H13: 4 | I13: =O13-C13-F13 -> 19 | J13: =P13-D13-G13 -> 4 | K13: =Q13-E13-H13 -> 0 | L13: =C13+F13+I13 -> 59 | M13: =D13+G13+J13 -> 21 | N13: =E13+H13+K13 -> 7 | O13: ='26B-RW-01'!E$152 -> 59 | P13: ='26B-RW-01'!F$152 -> 21 | Q13: ='26B-RW-01'!G$152 -> 7
A14: 26B-RW-02 | B14: ='26B-RW-02'!L153 -> 42 | C14: 28 | D14: 3 | E14: 2 | F14: 25 | G14: 5 | H14: 1 | I14: =O14-C14-F14 -> 15 | J14: =P14-D14-G14 -> 4 | K14: =Q14-E14-H14 -> 3 | L14: =C14+F14+I14 -> 68 | M14: =D14+G14+J14 -> 12 | N14: =E14+H14+K14 -> 6 | O14: ='26B-RW-02'!E$152 -> 68 | P14: ='26B-RW-02'!F$152 -> 12 | Q14: ='26B-RW-02'!G$152 -> 6
A15: 26B-SIG-01 | B15: ='26B-SIG-01'!L203 -> 119 | C15: 19 | D15: 13 | E15: 4 | F15: 20 | G15: 7 | H15: 4 | I15: =O15-C15-F15 -> 12 | J15: =P15-D15-G15 -> 6 | K15: =Q15-E15-H15 -> 5 | L15: =C15+F15+I15 -> 51 | M15: =D15+G15+J15 -> 26 | N15: =E15+H15+K15 -> 13 | O15: ='26B-SIG-01'!E$202 -> 51 | P15: ='26B-SIG-01'!F$202 -> 26 | Q15: ='26B-SIG-01'!G$202 -> 13
A16: 26B-TTC-01 | B16: ='26B-TTC-01'!L303 -> 234 | C16: 17 | D16: 14 | E16: 1 | F16: 17 | G16: 14 | H16: 0 | I16: =O16-C16-F16 -> 8 | J16: =P16-D16-G16 -> 12 | K16: =Q16-E16-H16 -> 2 | L16: =C16+F16+I16 -> 42 | M16: =D16+G16+J16 -> 40 | N16: =E16+H16+K16 -> 3 | O16: ='26B-TTC-01'!E$302 -> 42 | P16: ='26B-TTC-01'!F$302 -> 40 | Q16: ='26B-TTC-01'!G$302 -> 3
A17: 26B-TTC-02 | B17: ='26B-TTC-02'!L203 -> 137 | C17: 19 | D17: 9 | E17: 4 | F17: 22 | G17: 7 | H17: 1 | I17: =O17-C17-F17 -> 12 | J17: =P17-D17-G17 -> 7 | K17: =Q17-E17-H17 -> 1 | L17: =C17+F17+I17 -> 53 | M17: =D17+G17+J17 -> 23 | N17: =E17+H17+K17 -> 6 | O17: ='26B-TTC-02'!E$202 -> 53 | P17: ='26B-TTC-02'!F$202 -> 23 | Q17: ='26B-TTC-02'!G$202 -> 6
A19: Totals | B19: =SUM(B4:B17) -> 1220 | C19: =SUM(C4:C17) -> 302 | D19: =SUM(D4:D17) -> 129 | E19: =SUM(E4:E17) -> 33 | F19: =SUM(F4:F17) -> 300 | G19: =SUM(G4:G17) -> 111 | H19: =SUM(H4:H17) -> 19 | I19: =SUM(I4:I17) -> 203 | ... N19: =SUM(N4:N17) -> 69
C20: Blank concur/partial/not votes were evaluated and classified by content.
B21: Multiple comments on an item by the same commenter counted as separate comments. | C21: 29 states responding. Some states had multiple reviewers. Not all states voted on all recommendations. | F21: 31 individuals responding. Some individuals did not vote on all recommendations. | I21: 35 individuals from 13 sponsoring organizations responding. Some individuals did not vote on all recommendations.
J22: AAR | K22: 1 person
J23: AHUA | K23: 2 persons
J24: APBP | K24: 3 persons
J25: ARTBA | K25: 1 person
J26: ASCE | K26: 10 persons
J27: ATSSA | K27: 1 person
J28: HFR | K28: 1 person
J29: IBTTA | K29: 2 persons
J30: IMSA | K30: 1 person
J31: ITSA | K31: 1 person
J32: LAB | K32: 1 person
J33: NACTO | K33: 8 persons
J34: NACE | K34: 3 persons

Sheet 26B-BIK-01
A1: A | B1: B | C1: C | D1: D | E1: E | F1: F | G1: G | H1: H | I1: I | J1: J | K1: K | L1: L | M1: M
H2: If Concur in Part, or Do Not Concur, please identify the line number(s), Table Number, or Figure Number and enter comment
A3: ID of Technical Committee Recommendation | B3: Name of Sponsoring Organization | C3: If from AASHTO, name of responding state | D3: Name of responding individual | E3: Fully Concur | F3: Concur in Part | G3: Do Not Concur | H3: Line Number start | I3: Line Number end | J3: Figure Number | K3: Table Number | L3: Comment | M3: TC / JTF Disposition of Comment
A6: 26B-BIK-01 | B6: AASHTO | C6: Idaho | D6: Ryan Lancaster | G6: X | H6: General | L6: General: I question the need for going from specific bicycle signal signs (R10-40 and R10-41 series) to one very general bicycle signal sign (R10-42) that FHWA chose not to include in the 11th Edition. 1) Perhaps FHWA tried out the R10-42 sign in IA-16 and later decided it wasn't needed. And perhaps FHWA didn't perpetuate the sign because it doesn't direct the user to take any action and has provides no additonal information that isn't already communicated through the bicycle signal face.
A7: 26B-BIK-01 | B7: AASHTO | C7: Louisiana | D7: Jody Colvin | F7: X | H7: General | L7: Reccomend doing a study on the signs
A8: 26B-BIK-01 | B8: AASHTO | C8: Minnesota | D8: Brian Sorenson | F8: X | H8: General | L8: Recommend providing a reduced‑height option for placement above or below a bicycle signal face.
A9: 26B-BIK-01 | B9: AASHTO | C9: Ohio | D9: Jonathan Young | F9: X | H9: General | L9: Partially concur. There are times that the movement would be beneficial for complex movements however, there are times like bike boxes that the signage and operation create conflict of the allowable movement. The current signage also does not cover the movement around situations of a bike lane exiting the roadway and continueing on a shared use path or other facility.
A10: 26B-BIK-01 | B10: AASHTO | C10: Wyoming | D10: Lee Roadifer | G10: X | H10: General | L10: This issue essentially comes down to bicyclists requesting special considerations while also expecting the freedom to operate without restrictions.
A11: 26B-BIK-01 | B11: AHUA | D11: Randy Dittberner | G11: X | H11: General | L11: I agree that the existing MUTCD content creates ambiguity. However, even if this proposed change is incorporated, a bicyclist still won't know whether a particular movement controlled by a bicycle signal is protected or permissive. The situation depicted in the figure on page 2 would continue to be ambiguous, because the same signal display and the same sign would be used for both conditions. Has the BTC considered any options that would allow bicyclists to discern from the bicycle signal indication (or another TCD) whether a movement is protected or permissive? This is a key function of signal faces for motorists and its absence for bicycle signal faces is a key weakness.
A12: 26B-BIK-01 | B12: AHUA | D12: Randy Dittberner | H12: General | L12: IA-16 allowed green and yellow arrow indications to be used with bicycle signal faces, but this provision is not included in the 11th Edition. Since this proposal would remove the movements from the regulatory signs, should the proposal also revert back to the configuration in IA-16, where arrow indications are allowed in bicycle signal faces to communicate protected movements?
A13: 26B-BIK-01 | B13: AHUA | D13: Randy Dittberner | H13: General | L13: Another weakness in the MUTCD is that there are no figures showing how bicycle signal faces are used in context, in conjunction with other signal faces, pavement markings, and signs. It might be helpful, as part of this proposal or another future proposal, to show some examples of various situations (such as those in the figures on pages 2 and 3) and how the signal faces and other TCDs are supposed to be arranged. This proposal would create a increased need for some figures of this type, because the movements that the MUTCD currently shows on the R10-40 and 41 series signs would need to be communicated using other TCD(s).
A14: 26B-BIK-01 | B14: ASCE | D14: Bob Bryson | G14: X | H14: General | L14: The inclusion of the sign in the interim approval of the bicycle signal (proposed R10-42 sign) does not justify the change proposed. The content and requirements of the Bicycle Signal Section of Part 4 approved by National Committee substantially changed the application of bicycle signals defined in the interim approval. When considering this proposed change, it should be noted that arrow signal indications are not available for bicycle signals, and the R10-40 sign series does provide the option to serve as a surrogate for bicycle arrow signals. So these signs and their application in Part 4H do need to be retained.
A15: 26B-BIK-01 | B15: ITE | D15: John E. Fisher | G15: X | H15: General | L15: 1. Lines 46-51 present an argument that the deletion of the proposed signs is justified because they confuse bicyclists regarding protected versus permitted bicycle movements. However, this should not be considered to be an issue at all since bicyclists on a road are considered to be a vehicle and must yield to pedestrians lawfully in a crosswalk. This has always been the case and the signs proposed for deletion do not indicate otherwise. Further, bicyclists cannot be in conflict with motor vehicles as clearly stated in Section 4H.01, Paragraph 09. Again, the signs proposed for deletion do not indicate otherwise. These signs do not present conflicts and should be retained.
A16: 26B-BIK-01 | B16: ITE | D16: John E. Fisher | H16: General | L16: 2. It is acknowledged that most conventional bike lanes that operate in the right hand lane (and that can only make a thru or right turn movement) would find the proposed R10-42 sign to be sufficient. However, there are many novel applications of bicycle lanes where a right hand bicycle lane may also turn left or may also turn left and proceed thru. In these situations, the R10-41a or R10-41b would identify the novel legal movements for bicyclists. Deleting these signs, as proposed, offers no way to give bicyclists this information. I raised this issue in several Committees without satisfactory responses.
A17: 26B-BIK-01 | B17: ITE | D17: John E. Fisher | H17: General | L17: 3. The proposal should be rewritten to mandate use of the R10-42 sign for conventional situations and mandate the existing signs for movements that would not otherwise be legal.
A18: 26B-BIK-01 | B18: ITE | D18: Zoubir Ouadah | G18: X | H18: General | L18: Do not agree with the deletion of the R10-40 and R10-40a. An example of the need to use the R10-40a is in a signalized freeway ramp intersection with a bicycle signal. In this case, the bike signal face should have an R10-40a to make sure bicyclists do not turn left or right onto the on-ramp.However, motorists are allowed to turn left or right onto the on-ramp to enter the freeway. This proposal should focuse on putting back the R10-42 into the manual and keep the R10-40 and 41 family as part of the manual so a public agency have the option to select the appropriate sign for the condition.
A19: 26B-BIK-01 | B19: AASHTO | C19: New Hampshire | D19: William Lambert | E19: X | H19: 22 | I19: 34 | L19: Without commenting on the merit of the content, I concur that the MUTCD should not include material that was not included in the NPR and therefore not subject to public comment. If true that the new signs were have not received experimentation or testing, that is further reason not to include in the MUTCD. Material from the initial Interim Approval has previously been in the public arena and therefore open to comment.
A20: 26B-BIK-01 | B20: AASHTO | C20: Idaho | D20: Ryan Lancaster | H20: 23 | I20: 26 | L20: Dating back to at least the 2003 MUTCD, the R10-10 sign is designated "Left (Right) Turn Signal." It appears the R10-10 sign referenced in the proposal was the R10-10b sign introduced in Interim Approval 16.
A21: 26B-BIK-01 | B21: ITE | D21: Stephen Lewis | F21: X | H21: 24 | I21: 24 | L21: The proposal refers to the IA-16 sign as the R10-10 Bicycle Signal sign. IA-16 identifies the adjacent regulatory sign as the Bicycle SIGNAL (R10-10b) sign. Recommend changing to “R10-10b,” or explain why the proposal uses “R10-10” and redesignates the sign as R10-42. The comment also applies to lines 31, 40, 60, and 78.
A22: 26B-BIK-01 | B22: AASHTO | C22: Illinois | D22: Kristie Nyderek | G22: X | H22: 24 | L22: Change R10-10 to R10-10b. R10-10 is LEFT[RIGHT] TURN SIGNAL.
A23: 26B-BIK-01 | B23: ITE | D23: Stephen Lewis | H23: 31 | I23: 33 | L23: Recommend adding that the movement-specific sign concept appeared in the December 2020 NPA. This distinction is important because the signs were exposed through notice-and-comment rulemaking even though they were not included in the earlier IA-16 experimentation.
A24: 26B-BIK-01 | B24: ITE | D24: Stephen Lewis | H24: 31 | I24: 33 | L24: Recommend replacing the categorical statement that the signs “have not received experimentation or testing.” Replace it with wording such as: “The R10-40 and R10-41 series signs were not included in IA-16 or in the bicycle signal-face experiments cited by that approval. National Committee has not identified experimentation or human-factors testing specifically evaluating road-user comprehension of these movement-specific sign designs."
A25: 26B-BIK-01 | B25: AHUA | D25: Jonathan Upchurch | F25: X | H25: 40 | I25: 40 | L25: Suggest changing "bike signal" to "BICYCLE SIGNAL"
A26: 26B-BIK-01 | B26: ITE | D26: Amitai Lipton | G26: X | H26: 43 | I26: 44 | L26: The statement "without making it clear to the user whether such movements are protected or permissive" is a bit unclear -- bicycle signal phases are protected (regarding motor vehicle movements) per 4H.01.09. Signal phases controlling motor vehicles are already ambiguous in relation to pedestrian movements, which can be concurrent or exclusive, with or without signal indications, so a road user including someone riding a bicycle should be aware of this potential conflict when turning left or right. Another possible solution could be to add an arrow signal indication (either steady green arrow or flashing yellow arrow) to the side of the bike symbol indication, like the example image in the next row:
A27: 26B-BIK-01 | B27: ITE | D27: Amitai Lipton | H27: 43 | I27: 44 | L27: [image of 5-section signal face with red, yellow, and green bicycle indications, yellow flashing arrow, and green arrow]
A28: 26B-BIK-01 | B28: AHUA | D28: Jonathan Upchurch | H28: 47 | I28: 48 | L28: The text is mixing and matching the use of "exclusive" and "protected". The MUTCD term is "protected" (and not exclusive". "exclusive" should be changed to "protected".
A29: 26B-BIK-01 | B29: AHUA | D29: Jonathan Upchurch | H29: 53 | I29: 53 | L29: The sign is not a part of the bicycle signal face. Rewrite to change from "as a part of" to "in conjunction with"
A30: 26B-BIK-01 | B30: ITE | D30: Amitai Lipton | H30: 57 | I30: 66 | L30: The old R10-10 / proposed R10-42 also has an ambiguous meaning for road users: It does not provide any information to people using bicycles on which movements are allowable, whether a movement is protected or permitted, etc. The existing R10-40/41 signs are promising in that they make it explicit which movements are possible from the bike lane. I would strongly suggest withdrawing the proposal as written, and introducing a new proposal that reduces ambiguity and provides clearer information to road users. Perhaps a variant of the existing R10-40/41 signs that combines a bike symbol with a turn prohibition symbol (similar to an R3-1b sign).
A31: 26B-BIK-01 | B31: AASHTO | C31: Idaho | D31: Ryan Lancaster | H31: 57 | I31: 81 | L31: The discussion stating that bicycle users encountering the R10-41 sign will be prohibited from using a two-stage bicycle turn box seems ridiculous and implies that bicycle users won't be able to figure it out. It seems that any conflict between these traffic control devices is overstated.
A32: 26B-BIK-01 | B32: NACTO | D32: Elijah Ferrari | H32: 67 | L32: Edit comment: For the figure, I suggest using callout boxes for the blue lines for clarity of the movement
A33: 26B-BIK-01 | B33: AHUA | D33: Jonathan Upchurch | H33: 72 | I33: 72 | L33: The MUTCD defined term is "bicycle symbol signal indication". Suggest changing "bicycle signal indication" to "bicycle symbol signal indication".
A34: 26B-BIK-01 | B34: AASHTO | C34: Illinois | D34: Kristie Nyderek | H34: 78 | L34: Change R10-10 to R10-10b. R10-10 is LEFT[RIGHT] TURN SIGNAL.
A35: 26B-BIK-01 | B35: ITE | D35: Stephen Lewis | H35: 119 | I35: 166 | L35: Resolve the two-stage bicycle turn-box issue directly in Section 4A.05. The proposed deletion of the requirement to proceed only in the directions shown on the adjacent sign generally addresses the concern described at Lines 83 through 95. However, the revised text should expressly clarify that a bicyclist may enter the intersection to complete the first stage of a lawful or required two-stage turn when authorized by the applicable signal indication and other traffic-control devices.
A36: 26B-BIK-01 | B36: AASHTO | C36: Illinois | D36: Kristie Nyderek | H36: 120 | I36: 125 | L36: rather than delete lines 120-122, couldn't something like "or to proceed to the Two-State Bicycle Turn Box when required to complete the desired maneuver." at the end of the deleted section?
A37: 26B-BIK-01 | B37: AASHTO | C37: Pennsylvania | D37: Steve Gault | F37: X | H37: 120 | I37: 125 | L37: Since the purpose of a green signal is to indicate what movements are lawful, using the phrase "to proceed in any direction that is lawful and practical" doesn't provide any indication of what direction is lawful and practical.
A38: 26B-BIK-01 | B38: AASHTO | C38: Idaho | D38: Ryan Lancaster | H38: 120 | I38: 126 | L38: I found the similar text in IA 16 in Condition 3.c. A specific reference to the text in the IA will be beneficial.
A39: 26B-BIK-01 | B39: AASHTO | C39: Virginia | D39: Mark Cole | F39: X | H39: 120 | I39: 126 | L39: VDOT does not concur with revising the meaning of a steady GREEN BICYCLE indication to allow travel "in any direction that is lawful and practical…". Virginia enacted bicycle signal legislation in 2026 that permits a person facing a steady green bicycle indication to move "in the direction of the signal, unless otherwise direction by another traffic control device." The proposed MUTCD language could therefore create a different or broader meaning for the indication than established by Virginia law, particularly if the movement-specific R10-40/R10-41 signs are eliminated. "Bicyclists facing a steady GREEN BICYCLE signal indication are permitted to enter the intersection and proceed in the direction controlled by the bicycle signal, except where proceed in any direction that is lawful and practical and provided the bicycle movement is not modified by lane-use signs, turn prohibition signs, pavement markings, separated bicycle signal turn indications, or other traffic control devices."
A40: 26B-BIK-01 | B40: ITE | D40: Roxane Mukai | F40: X | H40: 120 | I40: 126 | L40: Sentence construction is difficult to follow. 1) Who decides what is "practical"?, 2) " and provided the bicyle movement" would probably be clearer if it read "provided THAT bicycle movement" and even clearer if a new sentence were started, 3) why are two types of signs called out when other signs may apply?,4) the last use of "bicycle" in front of signal turn indications seems to imply that bicycles (defined as a vehicle in some states) are only required to comply with bicycle signals and can ignore all other (vehicular) signals. The notation on IA 16 clearly states that the indication cannot be in conflict with simultaneous motor vehicle movements.
A41: 26B-BIK-01 | D41: Roxane Mukai | H41: 120 | I41: 126 | L41: Potential text revised to account for above noted issues. "Bicylists facing a steady GREEN BICYCLE signal indication are permitted to proceed in any direction that is lawful. Bicycyle movement may be permitted or restricted by signs, pavement markings, signals, bicycle signal turn indications, or other traffic control devices."
A42: 26B-BIK-01 | B42: HFR | D42: Erin Kissner | F42: X | H42: 120 | I42: 126 | L42: Consider whether the proposed language sufficiently clarifies which movements are permitted by a steady GREEN BICYCLE indication, particularly with the elimination of the movement-specific R10-40/R10-41 signs. The phrase “any direction that is lawful and practical” could create uncertainty regarding the movements controlled by the bicycle signal and the role of other traffic control devices in determining permitted movements.
A43: 26B-BIK-01 | B43: ASCE | D43: Benjamin Colucci | F43: X | H43: 122 | I43: 125 | L43: Replace the second "and" with a comma ",". The amended proposed addition is as follows: "to proceed in any direction that is lawful and practical, provided the bicycle movement is not modified by lane-use signs, turn prohibition signs, pavement markings, separate bicycle signal turn indications, or other traffic control devices."
A44: 26B-BIK-01 | B44: AHUA | D44: Randy Dittberner | H44: 122 | I44: 125 | L44: If a signal mast arm displays a green bicycle signal and a red right arrow, the red right arrow is an "other traffic control device." According to the proposed MUTCD text, it appears that "other traffic control devices" can overrule a bicycle signal indication. Thus, bicyclists would not be permitted to turn right under this combination of displays. I do not believe this is the BTC's intent. This paragraph should be clear that bicyclists are allowed to proceed on a green bicycle signal even to make a movement that has a red indication on another signal face.
A45: 26B-BIK-01 | B45: AASHTO | C45: Wyoming | D45: Christina Spindler | F45: X | H45: 122 | I45: 125 | L45: the addition in the added text, starting at "…and provided" and ending at the end of the sentence is confusing and unnecessary. The statement "any direction that is lawful and practical" covers whatever may be then signed or marked. This addition is overly prescriptive without adding anything to the verbiage.
A46: 26B-BIK-01 | B46: AASHTO | C46: Mississippi | D46: James Sullivan | F46: X | H46: 123 | I46: 123 | L46: Consider revising to read, "…to proceed in any direction that is lawful and practical and provided the intended bicycle movement is not modified regulated by lane-use signs, turn prohibition signs, pavement markings,..."
A47: 26B-BIK-01 | B47: AASHTO | C47: Kentucky | D47: Jon Whitaker | F47: X | H47: 123 | I47: 123 | L47: Change the wording/punctuation to "…any direction that is lawful and practical, provided that the bicycle movement is not modified by…"
A48: 26B-BIK-01 | B48: ITE | D48: Michael Cynecki | F48: X | H48: 123 | I48: 123 | L48: Delete the words "and provided the bicycle movement is not" after the word "practical", and replace with "except as such movement is". This would make the wording more consistent with the meaning of the green indication for motor vehicles. (Actually all of the words after "practical" can be eliminated in that sentence and the meaning would be the same.)
A49: 26B-BIK-01 | B49: AHUA | D49: Randy Dittberner | H49: 124 | L49: I don't believe there is such a thing as a "separate bicycle signal turn indication." I suggest deleting this text. (It's not used anywhere else in the MUTCD.) The catchall "other traffic control devices" at the end of this sentence is sufficient. Or, if the BTC has something specific in mind, it may need to be described.
A50: 26B-BIK-01 | B50: ITE | D50: Roxane Mukai | H50: 132 | I50: 132 | L50: What is an "associated" crosswalk defined as and where is that definition to be found?
A51: 26B-BIK-01 | B51: AASHTO | C51: Idaho | D51: Ryan Lancaster | H51: 133 | I51: 137 | L51: - I found the similar text in Section 4A.03 at the end of Par. A.1. A specific reference to the text in 4A.03 will be beneficial. - The construct of the added text is awkward. There's paragraph 1, then list letter A, then numbers 1 and 2 and then more text that I guess is back under letter A? If next text is added, I recommend relocating it in the text following letter A, making a new number 3 or something different. - I recognize that this is text modified from existing text, but can we please work to write in comprehensible English in Part 4? Please rewrite and rephrase in simpler language.
A52: 26B-BIK-01 | B52: AASHTO | C52: Wyoming | D52: Christina Spindler | H52: 133 | I52: 137 | L52: This appears to be a Rules of the Road item placed into the MUTCD. I don't think this should be included here, and instead the statutes of each state should cover what is allowable. For instance, this is unnecessary in a state where bicycles are considered vehicles. This does not address a traffic control device.
A53: 26B-BIK-01 | B53: NACTO | D53: Elijah Ferrari | H53: 133 | I53: 137 | L53: Edit comment: State that the meaning is the same as the circular green in 4A.03, language appears identical
A54: 26B-BIK-01 | B54: ASCE | D54: Benjamin Colucci | H54: 134 | I54: 137 | L54: Delete the phrase "... so closely as to constitute an immediate hazard during the time when such turning bicycle is moving across or within the intersection." My recommendation is primarily associated with the phrase "so closely" that in my opinion, is not objective since it depends upon the speed of the approaching bicyclists. The amended proposed addition is as follows:" In addition, bicyclists turning left or making a U-turn movement to the left shall yield the right-of- way to other bicyclists approaching from the opposite direction."
A55: 26B-BIK-01 | B55: ITE | D55: Roxane Mukai | H55: 134 | I55: 137 | L55: What is "so closely as to constitute an immediate hazard" defined as? The bicyclist in motion crashed into the approaching unit, or caused the approaching unit to turn aside, or caused the approaching unit to turn aside and crash, or?
A56: 26B-BIK-01 | B56: IBTTA | D56: Shannon Bonilla | F56: X | H56: 134 | I56: 137 | L56: Does this information belong in the manual? This tells the cyclist whom to yield to versus what the signs or signals mean.
A57: 26B-BIK-01 | B57: AHUA | D57: Jonathan Upchurch | H57: 135 | I57: 135 | L57: Why shouldn't these bicyclists also yield to other vehicles approaching from the opposite direction? Suggest adding "or vehicles" so that it reads, "...shall yield the right-of-way to other bicyclists or vehicles approaching from the opposite direction...."
A58: 26B-BIK-01 | B58: AHUA | D58: Randy Dittberner | H58: 135 | L58: I suggest changing "bicyclists" to "vehicles," because opposing traffic might consist of vehicles other than bicycles. But if the BTC disagrees with broadening this word on line 135, then at least "bicyclists" should be changed to "bicycles."
A59: 26B-BIK-01 | B59: ASCE | D59: Benjamin Colucci | H59: 137 | I59: 138 | L59: The proposed change shown in lines 134 through 137 applies as well.
A60: 26B-BIK-01 | B60: ASCE | D60: Rebecca Bian | F60: X | H60: 144 | I60: 146 | L60: The sentence is not complete after removing the texts. Please revise.
A61: 26B-BIK-01 | B61: AASHTO | C61: Illinois | D61: Kristie Nyderek | H61: 144 | I61: 146 | L61: The deleted lines should remain in.
A62: 26B-BIK-01 | B62: AHUA | D62: Jonathan Upchurch | H62: 144 | I62: 148 | L62: What would be an example of "another movement permitted by another bicycle symbol signal indication"? I do not understand how another bicycle symbol signal indication could communicate that another movement is permitted. Suggest that the following text be omitted: "unless entering the intersection to 147 make another movement permitted by another bicycle symbol signal indication,".
A63: 26B-BIK-01 | B63: AASHTO | C63: Virginia | D63: Mark Cole | H63: 144 | I63: 155 | L63: VDOT does not concur with the proposed addition allowing a left turn after stopping at a steady RED BICYCLE indication when there are no motor-vehicle approach lanes to the bicyclist's left. Va. Code §46.2-833.2(B)(3) authorizes a right turn after stopping at a steady red bicycle indication but does not provide a corresponding left-turn exception. The proposed MUTCD language should be revised so that turns on red are limited to movements permitted by applicable law. "Except when a traffic control device is in place prohibiting a turn on red, bicyclists facing a steady RED BICYCLE signal indication may, after stopping, make a turn permitted by applicable State law. The bicyclists shall yield the right-of-way as required by law. are permitted to enter the intersection to turn right if there are no approach lanes for motor vehicle traffic to their right or left if there are no approach lanes for motor vehicle traffic to their left."
A64: 26B-BIK-01 | B64: HFR | D64: Erin Kissner | H64: 144 | I64: 155 | L64: Consider whether the proposed left-turn-on-red exception is appropriate given potential differences in State laws regarding permitted movements on red. Additionally, the condition involving the absence of motor-vehicle approach lanes to the bicyclist's left may not be readily understood by bicyclists, particularly at intersections with unusual configurations.
A65: 26B-BIK-01 | B65: ASCE | D65: Tom Heydel | F65: X | H65: 146 | I65: 147 | L65: this part of the sentence should be moved to the end of that sentence so it reads properly. "unless entering the intersection to 147 make another movement permitted by another bicycle symbol signal indication"
A66: 26B-BIK-01 | B66: ASCE | D66: Cong Chen | F66: X | H66: 146 | I66: 147 | L66: "unless entering the intersection to make another movement permitted by another bicycle symbol signal indication" This is too general and hard to follow on what scnearios are talking about.
A67: 26B-BIK-01 | B67: AASHTO | C67: Pennsylvania | D67: Steve Gault | H67: 146 | I67: 148 | L67: With removal of the R10-40 and R10-41 signs, how would another bicycle symbol signal indication permit a different movement? The underlying issue is the signs were included in the MUTCD because the bicycle symbol signal indication by itself cannot indicate whether a movement is protected or permitted. While I concur the signs add confusion because similar signs are used for lane use control for motor vehicles, the removal of the signs without providing another method to clarify whether a bicycle movement is permitted or protected doesn't solve the underlying problem.
A68: 26B-BIK-01 | B68: AHUA | D68: Randy Dittberner | H68: 150 | I68: 151 | L68: If the R10-40 and 41 series signs are removed, then the text "movement indicated by such RED BICYCLE signal indication" has no meaning. How can a bicyclist know what movement is indicated by a bicycle signal face when there is no sign to communicate which movement or movements are controlled by the signal face?
A69: 26B-BIK-01 | B69: AASHTO | C69: Utah | D69: David Bezzant | H69: 151 | I69: 157 | L69: We support clarifying bicycle turns on red. Provide examples showing how the “no approach lanes for motor vehicle traffic” condition applies to right-side, left-side, and two-way bicycle facilities. Clearly illustrate the required stop, applicable yielding duties, and any turn restrictions.
A70: 26B-BIK-01 | B70: ASCE | D70: Bhavya Sontineni | F70: X | H70: 154 | I70: 154 | L70: or to turn left from a one-way street into a one-way street if there are no approach lanes for motor vehicle traffic to their left.” Section 4A.03 limits left turns on red to movements from a one-way street into another one-way street. The proposed wording in section 4A.05 paragraph C could be interpreted as allowing bicyclists to turn left on red onto a two-way roadway. Consider incorporating the one-way-to-one-way condition from Section 4A.03 to maintain consistency between the provisions.
A71: 26B-BIK-01 | B71: AHUA | D71: Jonathan Upchurch | H71: 154 | I71: 154 | L71: In this sentence, the words "right" and "left" are used for two different purposes: 1) whether or not approach lanes exist on the left or reight; and 2) the direction a bicyclist is intending to turn. This makes the sentence a little confusing. The text can be improved as follows: "...their right or to turn left if there are...."
A72: 26B-BIK-01 | B72: AASHTO | C72: Illinois | D72: Kristie Nyderek | H72: 154 | I72: 154 | L72: Turning left on red would also depend on the layout of the lanes on the cross street, wouldn't it?
A73: 26B-BIK-01 | B73: AASHTO | C73: Virginia | D73: Mark Cole | H73: 163 | I73: 166 | L73: VDOT does not concur with deleting the relationship between a flashing RED BICYCLE indication and the movement controlled by the bicycle signal without replacement language identifying the permitted direction of travel. Va. Code §46.2-833.2(B)(5) provides that, after stopping, a person may proceed through the intersection “in the direction of the signal, unless otherwise directed by another traffic control device.” The proposed MUTCD language should retain a clear relationship between the bicycle signal and the movement it controls. "The right to proceed shall be subject to the rules applicable after making a stop at a STOP sign. After stopping, the bicyclist may proceed in the direction controlled by the bicycle signal, unless otherwise directed by another traffic control device, subject to applicable right-of-way requirements."
A74: 26B-BIK-01 | B74: AHUA | D74: Randy Dittberner | H74: 173 | L74: I suggest changing "a bicyclist movement" to "one or more bicyclist movements."
A75: 26B-BIK-01 | B75: AASHTO | C75: Nevada | D75: Samuel Ahiamadi | F75: X | H75: 202 | I75: 202 | L75: Consider revising Section 1D.01b, 01.C to remove the word “decision” to maintain consistency with other categories; the preceding sentence establishes all categories are decisions.
A76: 26B-BIK-01 | B76: AASHTO | C76: Utah | D76: David Bezzant | F76: X | H76: 219 | I76: 240 | L76: We support separating bicycle-signal identification from lane-use restrictions and clarifying the relationship to two-stage bicycle turns. Paragraph 04 permits text-only signs where multiple bicycle signal faces control different movements from the same approach. Clarify when movement-specific identification is necessary so bicyclists can readily determine which signal governs their movement. Provide an example showing separate bicycle through and turn movements without implying that every movement permitted by a green bicycle indication is protected from pedestrian conflicts.
A77: 26B-BIK-01 | B77: AASHTO | C77: Idaho | D77: Ryan Lancaster | H77: 219 | I77: 243 | L77: - An overarching comment on Section 4H.03 is that I recommend moving the section outside of Part 4. A section for bicycle signal signs should either be in Part 2 or merged with Section 9B.22. - In the NCUTCD comments to the NPA, I see that the NCUTCD had no apparent issue with the R10-40 and R10-41 series of signs in the NPA, even suggesting that a R10-41c be added. - I note that the NCUTCD recommended addition of the proposed R10-42 sign in comments to the NPA and that the suggestion was not adopted. It seems that FHWA may have conciously not included the sign.
A78: 26B-BIK-01 | B78: ITE | D78: Stephen Lewis | H78: 221 | I78: 226 | L78: Clarify that movement arrows do not indicate protected operation. If any movement-specific sign option is retained, revise the Support statement to explain that an arrow identifies a movement controlled or permitted by the bicycle signal face but does not, by itself, indicate that the movement is protected from pedestrians, opposing bicycles, or other lawful users. A corresponding clarification should also be included in Lines 251 through 260.
A79: 26B-BIK-01 | B79: AASHTO | C79: Indiana | D79: Dave Boruff | F79: X | H79: 221 | L79: Consider adding a 4H.02 reference to Sectiion 2B, perhaps 2B.58
A80: 26B-BIK-01 | B80: ASCE | D80: Jesse Akowuah | F80: X | H80: 228 | I80: 229 | L80: Many agencies have already installed the R10-40/R10-41 signs from the start of the adoption of the 11th edition of the MUTCD. suggest a support or option statement that allows for the existing R10-40/R10-41 signs to remain in place until the end of their service life. This avoids replacement costs where no operational problems exists.
A81: 26B-BIK-01 | B81: NACTO | D81: Anthony Buczek | E81: X | H81: 228 | I81: 230 | L81: Bicycle Signal sign is analogous to Left Turn Signal sign, and should be treated similarly. It should not be a standard.
A82: 26B-BIK-01 | B82: ASCE | D82: Bhavya Sontineni | H82: 228 | I82: 232 | L82: "Except as provided in Paragraphs 3 and 4 of this Section, a Bicycle Signal (R10-42) sign shall be installed immediately adjacent to…"The proposed Option in Paragraph 04 allows the Bicycle Signal sign to be replaced with text-only signs where multiple bicycle signal faces control different movements. Current Paragraph 02 only references Paragraph 03 as an exception to the required installation of the Bicycle Signal sign.
A83: 26B-BIK-01 | B83: NACTO | D83: Elijah Ferrari | E83: X | H83: 228 | I83: 232 | L83: I concur with the proposal but the standard to have a sign at all should be an option and based on engineering judgement. For jurisdictions with many bike signals, user understanding is already high so adding this signs provides no additional value. The proposed sign would be better for locations that are just starting to use bike signals
A84: 26B-BIK-01 | B84: NACTO | D84: Cary Bearn | E84: X | H84: 228 | I84: 232 | L84: This is a much needed proposal to eliminate the R10-40 and R10-41 signs. They are not grounded in research and confusing to use.
A85: 26B-BIK-01 | B85: NACTO | D85: Cary Bearn | H85: 228 | I85: 232 | L85: The MUTCD should include flexibility to not use the proposed R10-42 sign under more conditions by either by allowing another exception to omit the bike signal sign or only require when based on signal placement, local context, and engineering judgment or by editing the standard to only require the sign when, based on engineering judgment, a driver may confuse it for their own signal.
A86: 26B-BIK-01 | B86: ITE | D86: Stephen Lewis | H86: 228 | I86: 238 | L86: Recommend retaining the R10-40 and R10-41 series as an Option for complex applications, while making the R10-42 (R10-10b) the default sign. Allow an R10-40 or R10-41 sign, or another approved movement-specific sign, where engineering judgment determines that the movements governed by a particular bicycle signal face would otherwise be unclear. Apply the same revision to Lines 251 through 260, and Figure 9B-1. This recommended change would be consistent with National Committee's NPA comments on the subject.
A87: 26B-BIK-01 | B87: AHUA | D87: Randy Dittberner | H87: 228 | I87: 240 | L87: The standard in para. 02 requires the R10-42 sign except as provided in paragraph 3. But new paragraph 4 is adding another exception. As such, the standard starting on line 228 needs to except both paragraphs 3 and 4 from the standard.
A88: 26B-BIK-01 | B88: ITE | D88: Pete Yauch | F88: X | H88: 230 | I88: 232 | L88: The sign dimensions should be incorporated into Table 9A-1 instead of being spelled out in text in this paragraph.
A89: 26B-BIK-01 | B89: ITE | D89: Pete Yauch | H89: 230 | I89: 232 | L89: A minimum 24" x 36" sign size (for use adjacent to an overhead signal) seems excessive - particularly since Section 4H.07 allows 8" signal indications. Since the proposal involves less legend than was on the currently approved sign, could the sign size be reduced? Concerns about overhead clutter, structural and windloading issues, etc.
A90: 26B-BIK-01 | B90: ASCE | D90: Richard Ryabik | H90: 231 | I90: 231 | K90: 9A-1 | L90: suggest changing "21 Inches" to "18 Inches", also on 9A-1
A91: 26B-BIK-01 | B91: ASCE | D91: Richard Ryabik | F91: X | H91: 231 | I91: 231 | K91: 9A-1 | L91: Modify text adjacent to "Bicycle Signal" and "Overhead Bicycle Signal"
A92: 26B-BIK-01 | B92: ASCE | D92: Bhavya Sontineni | H92: 231 | I92: 231 | L92: Table 9A-1: The proposal replaces the R10-40 and R10-41 series Bicycle Signal signs with R10-42 in Section 9B.22 and Figure 9B-1. Update Table 9A-1 to reflect the new sign designation and applicable minimum sign sizes.
A93: 26B-BIK-01 | B93: NACTO | D93: Elijah Ferrari | H93: 235 | I93: 235 | L93: Delete 4-inch criteria. An 8 or 12 inch indication on the near-side should also make the sign omittable
A94: 26B-BIK-01 | B94: AHUA | D94: Jonathan Upchurch | H94: 236 | I94: 236 | L94: The MUTCD defined term is "bicycle symbol signal indication". Suggest changing "bicycle signal indication" to "bicycle symbol signal indication".
A95: 26B-BIK-01 | B95: AHUA | D95: Randy Dittberner | H95: 236 | I95: 237 | L95: I suggest deleting "and the allowed bicycle movements are communicated by sign or pavement markings". The R10-42 sign does not communicate the allowed bicycle movements, so it does not make sense to condition its omission on other TCDs showing the allowed movements.
A96: 26B-BIK-01 | B96: ITE | D96: Michael Cynecki | H96: 237 | I96: 237 | L96: The wording is grammatically incorrect or there is a typographical error. Shouldn’t this line read " . . . movements are communicated by a sign or pavement markings."
A97: 26B-BIK-01 | B97: ASCE | D97: Tom Heydel | H97: 239 | I97: 240 | L97: it says you can use a text only signs. Do we need to provide what the text would say?
A98: 26B-BIK-01 | B98: AHUA | D98: Randy Dittberner | H98: 239 | I98: 240 | L98: Uniformity is not likely to be achieved unless examples of the signs in this paragraph are shown. It is not clear why the signs would be only text when the R10-42 sign has a bicycle symbol. If the R10-42 sign is needed to "inform road users that the signal indications are intended only for bicyclists," per lines 251 and 252, then why is a text-only sign sufficient to communicate this same thing in a more complicated situation where multiple bicycle signal faces control different bicyclist movements?
A99: 26B-BIK-01 | B99: AASHTO | C99: Idaho | D99: Ryan Lancaster | H99: 239 | I99: 240 | L99: If a sign is needed to describe the intended meaning of another traffic control device, then the design is overly complicated and should be simplified. I recommend removing the proposed Par. 4.
A100: 26B-BIK-01 | B100: ITE | D100: Pete Yauch | H100: 239 | I100: 240 | L100: Basic legends and layouts of text-only signs shouild be included.
A101: 26B-BIK-01 | B101: NACTO | D101: Anthony Buczek | H101: 239 | I101: 240 | L101: Perhaps examples are needed as to what text-only signs would be appropriate, as I am not certain. This seems like a case where the R10-40/41 series could be appropriate.
A102: 26B-BIK-01 | B102: ASCE | D102: Tom Heydel | H102: 242 | I102: 243 | L102: cross out "that can be used" since that makes the sentence an option statement rather that a support statement
...

Sheet 26B-EDT-01
A1: A | B1: B | C1: C | D1: D | E1: E | F1: F | G1: G | H1: H | I1: I | J1: J | K1: K | L1: L | M1: M
H2: If Concur in Part, or Do Not Concur, please identify the line number(s), Table Number, or Figure Number and enter comment
A3: ID of Technical Committee Recommendation | B3: Name of Sponsoring Organization | C3: If from AASHTO, name of responding state | D3: Name of responding individual | E3: Fully Concur | F3: Concur in Part | G3: Do Not Concur | H3: Line Number start | I3: Line Number end | J3: Figure Number | K3: Table Number | L3: Comment | M3: TC / JTF Disposition of Comment
A6: 26B-EDT-01 | B6: AASHTO | C6: Connecticut | D6: Gregory Palmer | G6: X | H6: General | L6: Section changes are confusing. Overall, are these recommended changes even necessary? Sort of seems like it is correcting a problem that doesn't exist. If kept, recommend it be reduced to only the extent necessary. Refer to attached PDF with markups.
A7: 26B-EDT-01 | B7: AASHTO | C7: DC | D7: Zhibo Zhang | F7: X | H7: General | L7: We concur with the proposal that the term "installation" is used thorughout the MUTCD with multiple meanings and would benefit from clarification. However, the proposal frequently substitutes "installation" with the term "use" and appears to refer in various places to both device selection and the presence of a device in service. Consider replacing the term "use" with more specific terminology or clarify the relationship between "use" and the proposed framework to ensure that it does not introduce a new ambiguity.
A8: 26B-EDT-01 | B8: AASHTO | C8: Idaho | D8: Ryan Lancaster | F8: X | H8: General | L8: General: I strongly support the idea of uniform presentation of TCDs in the MUTCD. I also support consistent use of "application" and "installation." I can see that a lot of work went into the creation of this proposed change. I concur with this proposal and offer some comments for further refinement.
A9: 26B-EDT-01 | B9: AASHTO | C9: Iowa | D9: Chris Poole | F9: X | H9: General | L9: This is a significant change that has numerous impacts, so it needs to be done carefully. Unfortunately, definitions of proposed or updated terms overlap each other, and some definitions are circular, using a form of the word that's being defined within that word's definition. I like the seven terms that have been proposed: appearance, meaning, selection, placement, operation, maintenance, and removal. Why aren't those consistent throughout this proposed change? If these terms are recommended to be used in the 12th Edition, why not define all of them in Section 1C.02?
A10: 26B-EDT-01 | B10: AASHTO | C10: Kentucky | D10: Jason Hyatt | F10: X | H10: General | L10: I'll stop pointing these out, but I'm not sure word replacements have been applied uniformly
A11: 26B-EDT-01 | B11: AASHTO | C11: North Carolina | D11: Jennifer Portanova | F11: X | H11: General | L11: I do not have concerns about what is proposed but I am not aware that there was problems with Engineers and Technicians Using the manual because of the use of various words. Installation, Operation, Maintenance, Selection, Placement. The term placement is further confused in this document with adding "mounting".
A12: 26B-EDT-01 | B12: AASHTO | C12: North Carolina | D12: Jennifer Portanova | H12: General | L12: A larger concern is that placing these categories for each traffic control device simply provide additional opportunity for liabilty when a agency or location varies slightly from the prescribed wording.
A13: 26B-EDT-01 | B13: AASHTO | C13: North Carolina | D13: Jennifer Portanova | H13: General | L13: My concerns are lessened as long as the MUTCD recognizes Engineering Judgement. AASHTO and Other Engineer shoudl recall that in 2009, the FHWA removed Engineering Judgement from the manual. One of the very rare times that all 50 states agreed on a significant topic. It took a threat of action from Congress to get Engineering Judgement back into the Manual.
A14: 26B-EDT-01 | B14: AASHTO | C14: Utah | D14: David Bezzant | F14: X | H14: General | L14: General Comment: We support consistent terminology and a clearer distinction between engineering decisions and physical installation. Because the proposal changes terminology throughout the Manual, identify any substitutions that change the scope or timing of an obligation rather than merely clarifying its wording. Verify that requirements for engineering studies, device replacement, and operational changes retain their intended application. Distinguish approval of this terminology framework from approval of a future Manual-wide reorganization.
A15: 26B-EDT-01 | B15: AHUA | D15: Randy Dittberner | F15: X | H15: General | L15: Two new paragraphs using the word "installation" were added to Chapter 3I in 24B-MKG-02, and this proposal should change the word "installation" in these new paragraphs. They are: Sec. 3I.03: "Section 6K.05 contains information for temporary installations of vertical panels." Sec. 3I.04: "Section 6K.11 contains information for installations of temporary lane separators."
A16: 26B-EDT-01 | B16: ITE | D16: Jeffrey Lawrence | G16: X | H16: General | L16: The proposal is a change that is too significant for a revision. Revisions should be corrections and minor changes. Take the time to thoroughly develop this proposal and incorporate into the next edition.
A17: 26B-EDT-01 | B17: NACTO | D17: Elijah Ferrari | E17: X | H17: 44 | I17: 51 | L17: Add that this was presented to all TCs and was well received by the majority of TCs. ANd that this was a core recommendation of the 2014 VSP. I would elaborate and perhaps show one of the TCD section examples shown to the TCs before so Council can understand the scope and benefits of this work. Right now it's not clear what is fully involved. Perhaps this proposal can include an edit of one of the simpler TCD sections like Slippery When Wet or other sign and how a reorganization would look like
A18: 26B-EDT-01 | B18: ITE | D18: Roxane Mukai | G18: X | H18: 53 | I18: 63 | L18: There are 36 uses of "selection" and 1 use of "selections" in the 11th edition. There are 357 uses of "application" and 152 uses of "applications" in the 11th edition. Agree that the easier course of action is removing the 11th edition definition of application and assigning that definition to "selection" then reviewing all 37 uses of the term selection to ensure conformance. This removes the potential 11th edition creation of errors by redefining a term already in use. Since the proposal does not include it - Edit Committee could lead the way in formulating edits by addressing the Section 1D.01 P02 usage of both terms "It is important that these principles be given primary consideration in the selection and application of each device."
A19: 26B-EDT-01 | B19: AASHTO | C19: Virginia | D19: Mark Cole | G19: X | H19: 59 | I19: 63 | L19: VDOT agrees with the overall concept of establishing consistent terminology and organization for traffic control device information but recommends further refinement before finalizing the proposed definitions. In particular, changing the definition of “Application” before reviewing how the term is used throughout the MUTCD could have unintended implications that are not yet apparent. Consider completing the terminology review concurrently with development of the definitions to ensure the proposed definitions work consistently with existing provisions.
A20: 26B-EDT-01 | B20: HFR | D20: Erin Kissner | F20: X | H20: 59 | I20: 63 | L20: The overall concept of the proposal (and future proposals) make sense, but I would recommend reviewing existing uses of “Application” throughout the MUTCD before finalizing the definition to ensure there are no unintended implications.
A21: 26B-EDT-01 | B21: ITE | D21: Amitai Lipton | F21: X | H21: 68 | I21: 72 | L21: I wholeheartedly agree with the intent of this proposal. My comments below reflect general thoughts on refining the meanings and terminology of the proposal, with a few specific notes. The first and third meanings of "installation" are both verbs and are quite similar: affixing a physical item in a specific place. I disagree with the first "meaning" in line 68 -- the use of "installation" in the first and third example texts have the same meaning ("the act of installing a device") and not "determining the proper position of a device." The second meaning is a noun. I concur with limiting the use of the word "installation" to the action of installing a device.
A22: 26B-EDT-01 | B22: ITE | D22: Adam Greenstein | F22: X | H22: 68 | L22: We do not typically refer to a sign and the post together as an "assembly". This is typically used to describe more than one sign face on the same post or structure. The example from Section 2A.11 would not be appropriate as worded "For a post-mounted sign assembly..." if only describing a single sign face and the post. In the context of changing the word "installation", we can simply say "For a sign or assembly that is post-mounted...".
A23: 26B-EDT-01 | B23: APBP | D23: Matt Johnson | F23: X | H23: 77 | I23: 78 | L23: However, I find the word "placement" to be just as problematic as "installation." If "installation" means the act of installing, then "placement" means the act of placing. Essentially the same thing. What "placement" seems to mean in this context is the determination of the proposed location. I don't feel placement is an adqueate replacement for installation (which I agree is a problematic term).
A24: 26B-EDT-01 | B24: APBP | D24: Jeremy Chrzan | F24: X | H24: 77 | I24: 78 | L24: The text says that "installation" would be replaced by "placement"; however, it appears that some instances have used the word "location" which seems more appropriate and avoids the issue that "placement" is the "act of placing" just as "installation" is the "act of installing." Suggest eliminating "placement(s)" entirely and where appropriate use the terms "location(s)," "locate," or "located." For example, lines 672 and 939 already replaced "installations" with "locations" and it appears that many of the other uses of "placement" could be similarly edited.
A25: 26B-EDT-01 | B25: IBTTA | D25: Robert Weber | F25: X | H25: 77 | I25: 86 | L25: Recommend changing these to Shall statements to indicate that if this framework is adopted, it will be applied to the entire manual, without fail.
A26: 26B-EDT-01 | B26: AHUA | D26: Jonathan Upchurch | F26: X | H26: 86 | I26: 86 | L26: Suggest adding this statement at line 86. "There are about 21 locations where the word "installation" is currently used to mean the act of installing a device. At those locations the word "installation" is not replaced; those locations are not shown in this proposal."
A27: 26B-EDT-01 | B27: AASHTO | C27: Illinois | D27: Kristie Nyderek | F27: X | H27: 115 | L27: What about multi use paths that include pedestrian usage. Bikeway might be too exclusive. Pedestrians may be using facilities off the roadway network. Replace bikeway with something like facility designated for non vehicular traffic?
A28: 26B-EDT-01 | B28: ITE | D28: Roxane Mukai | H28: 119 | I28: 120 | L28: If I am understanding correctly - the new defintion of "application" now includes selection, placement and operation so to reduce content size item C should not just replace "use, installation" with "selection, placement" it should replace "use, installation and operation" with "application".
A29: 26B-EDT-01 | B29: ITE | D29: Namoo Han | F29: X | H29: 119 | I29: 123 | L29: Agree that installation is overused and can be confusing. However, I don't agree that 'Placement' is a better word. To me, 'placement' doesn't cover aspects such as sign height (even though I see that sign height is covered by 'placement' in Table 1D-X). Perhaps there is a better word. Implementation?
A30: 26B-EDT-01 | B30: ITSA | D30: Paul Carlson | F30: X | H30: 123 | I30: 124 | L30: Should "maintenance and removal" be included in the first sentence of 02a?
A31: 26B-EDT-01 | B31: AASHTO | C31: Idaho | D31: Ryan Lancaster | H31: 136 | I31: 142 | L31: A good definition, but the first sentence is too wordy. - The first construct that drew my attention was "and/or." I use a style guide that recommends writing "A, B, or both," not "A and/or B." In this case it seems sufficient to only use "or." - Signs certainly regulate, warn, or guide, but can this be said for other TCDs? I suppose it's true enough. - I don't think we can universally say that TCDs "promote safety and mobility." Many TCDs are agnostic to "safety" and many others inhibit "mobility." - For these reasons I recommend terminating the sentence after "...a specific location." Keep the first sentence focused on use of TCDs at a location without the qualifiers. The second sentence seems fine.
A32: 26B-EDT-01 | B32: AASHTO | C32: Virginia | D32: Mark Cole | H32: 136 | I32: 142 | L32: Consider further clarifying the intended meaning and scope of the proposed definition of “Application.” The proposed definition appears narrower than some existing uses of “application” in the MUTCD, including “new application of an existing traffic control device,” which is tied to experimentation requirements. Because the proposal would approve the new definition before reviewing each existing use of the term, it is difficult to fully understand the implications of the proposed definition. Consider reviewing the existing uses of “application” concurrently with development of the definition to ensure the definition is appropriate before it is finalized.
A33: 26B-EDT-01 | B33: AASHTO | C33: Iowa | D33: Chris Poole | H33: 136 | I33: 142 | L33: Broad umbrella that includes selection, placement, and operation. Because it includes these other defined terms, it risks circularity if those terms refer back to “application.” Possible change: "The use of one or more traffic control devices at a specific location to regulate, warn, and/or guide road users. It encompasses determining which devices are appropriate, where they should be placed, and, when applicable, how they should operate."
A34: 26B-EDT-01 | B34: ITE | D34: Stephen Lewis | F34: X | H34: 136 | I34: 142 | L34: Recommend revising the proposed definition of “Application” to avoid limiting the term exclusively to a “specific location” and to avoid implying that every application necessarily includes selection, placement, and operation. Suggested wording: Application, in regard to traffic control devices: The use of one or more traffic control devices, generally or at a specific location or under specified conditions, to regulate, warn, or guide road users. Application includes selection and, as applicable, placement and operation of the device or devices.
A35: 26B-EDT-01 | B35: HFR | D35: Erin Kissner | H35: 136 | I35: 142 | L35: The proposed definition of “Application” appears narrower than some existing uses of the term in the MUTCD. For example, the MUTCD refers to a “new application of an existing traffic control device” in the context of experimentation, which may not be fully captured by the proposed definition. Consider reviewing existing uses of the term before finalizing the definition to ensure consistency and avoid unintended implications.
A36: 26B-EDT-01 | B36: ITE | D36: Michael Cynecki | F36: X | H36: 138 | I36: 139 | L36: I generally support this proposal, but have some recommended changes. I Recommend deletion of the words "to promote safety and mobility". Phrase not needed and rarely used in the Manual except in Support statements
A37: 26B-EDT-01 | B37: ITE | D37: Adam Greenstein | H37: 138 | I37: 139 | L37: Remove "to promote safety and mobility". This is the goal of providing TCDs, but the "Application" should merely discuss the application process.
A38: 26B-EDT-01 | B38: AASHTO | C38: Mississippi | D38: James Sullivan | F38: X | H38: 139 | I38: 139 | L38: Consider revising to read, "…the use of one or more traffic control devices at a specific location to regulate, warn, and/or guide road users to promote enhanced safety and improved mobility. Application…"
A39: 26B-EDT-01 | B39: ITE | D39: Nathan Conard | F39: X | H39: 139 | I39: 140 | L39: Suggest re-wording sentence beginning with "Application of traffic control devices…" to read "Application of traffic control devices includes selection, placement, and, when applicable, operation."
A40: 26B-EDT-01 | B40: ITE | D40: Stephen Lewis | H40: 141 | I40: 142 | L40: Delete the final parenthetical list, “signs, markings, signals, other devices.” The definition already applies to traffic control devices, and the additional list is unnecessary.
A41: 26B-EDT-01 | B41: ITE | D41: James Robertson | F41: X | H41: 146 | I41: 147 | L41: the word "use" on line 146 needs to be replaced with the word "selection" in order to be consistent with the recommend change on line 119 to 120.
A42: 26B-EDT-01 | B42: ITE | D42: James Robertson | H42: 155 | I42: 156 | L42: the word "use" on line 155 needs to be replaced with the word "selection" in order to be consistent with the recommend change on line 119 to 120.
A43: 26B-EDT-01 | B43: AASHTO | C43: Iowa | D43: Chris Poole | H43: 164 | I43: 165 | L43: Note the term "deploy" is used here. This term appears in the MUTCD only eight times and is not defined. Is it needed? Could it be replaced with one of the other terms that are proposed, such as "installation?"
A44: 26B-EDT-01 | B44: AASHTO | C44: Mississippi | D44: James Sullivan | H44: 165 | I44: 165 | L44: Consider revising to read, "…deployed during construction and maintenance operations (or activities) as a temporary part of a permanent traffic control signal."
A45: 26B-EDT-01 | B45: AASHTO | C45: Idaho | D45: Ryan Lancaster | H45: 167 | I45: 167 | L45: The proposed defintion of "installation" uses "installing," which seems less than ideal. Perhaps replace "installing" with "implementing" or "positioning" or another synonym.
A46: 26B-EDT-01 | B46: ITE | D46: Michael Cynecki | H46: 167 | I46: 167 | L46: Suggest changing the word "activity" to "act"
A47: 26B-EDT-01 | B47: ITE | D47: Stephen Lewis | H47: 167 | I47: 167 | L47: Recommend revising the proposed definition of “Installation” to avoid defining it by repeating the verb “installing.” Suggested wording: Installation: The physical activity of placing a traffic control device into service.
A48: 26B-EDT-01 | B48: AASHTO | C48: Iowa | D48: Chris Poole | H48: 167 | L48: Uses "installing" to define "installation."
A49: 26B-EDT-01 | B49: AASHTO | C49: Illinois | D49: Kristie Nyderek | H49: 169 | L49: Bikeway - should this be revised to include pedestrian use off the roadway network?
A50: 26B-EDT-01 | B50: ITE | D50: Roxane Mukai | H50: 185 | I50: 212 | L50: The proposed text DOES NOT confirm to Section 1D.01 "Purpose and Principles of Traffic Control Devices" instead it appears to be a better fit for Section 1D.04 "Design of Traffic Control Devices"
A51: 26B-EDT-01 | B51: AASHTO | C51: Indiana | D51: Dave Boruff | F51: X | H51: 186 | I51: 212 | L51: Agree with consistent organization of statements for each device and with the new definitions but proposed 1D Sections & Table don't seem necessary, definitions of appearance and meaning can be added to Section 1C.
A52: 26B-EDT-01 | B52: ASCE | D52: Benjamin Colucci | F52: X | H52: 187 | L52: The words "Appearance" and "Meaning" shall be lowercase.
A53: 26B-EDT-01 | B53: ITE | D53: Adam Greenstein | H53: 188 | I53: 188 | L53: Remove commas before and after "or is detected by".
A54: 26B-EDT-01 | B54: AASHTO | C54: Missouri | D54: Jonathan Nelson | F54: X | H54: 188 | I54: 192 | L54: The definition for appearance includes acoustical features. Acoustical features are generally understood to mean physical properties of an object that affect the way sound is absorbed or bounces off of the object. I assume the intended use is devices which produce a sound. Recommend rewording for clarity. In addition, sound is not generally understood as part of the appearance of an object as it is not something viewable by eyes.
A55: 26B-EDT-01 | B55: AASHTO | C55: Idaho | D55: Ryan Lancaster | H55: 188 | I55: 194 | L55: - My first thought is that these are two more definitions that aren't in the definitions. - In the appearance 'definition,' I'd omit or rephrase the last sentence. Beacons (including RRFB) and LED enhancements are conspicuity enhancements with limited or no meaning rather than a TCD. The sentence could be restated to describe the appearance of conspicuity devices, or just left off. - I certainly understand how the first half of the 'definition' relates to meaning and I can appreciate the intent of the last half of the sentence, but "expected road user response" does deviate from "meaning." Perhaps delete the last half of the sentence after "convey."
A56: 26B-EDT-01 | B56: AASHTO | C56: Iowa | D56: Chris Poole | H56: 188 | I56: 194 | L56: These two terms should be added to the definitions in Section 1D.02 rather than being defined within the text of Section 1D.01. The definition for "appearance" includes the word "appears." A device’s meaning should describe what the device communicates. A road user’s response is a consequence of that meaning, not part of the meaning itself. MUTCD Section 1D.01 Paragraph 03 refers to both "meaning" and "proper response." Possible refinement: "Meaning---The information or instruction a traffic control device is intended to communicate to road users through its design, message, symbols, color, shape, tactile information, or operation." "Proper Response---The action or behavior that road users are expected to take in compliance with the meaning of a traffic control device."
A57: 26B-EDT-01 | B57: ITE | D57: Adam Greenstein | H57: 191 | I57: 192 | L57: Change wording to "…such as in flashing beacons, RRFBs, and LED enhancement of sign borders or legends…"
A58: 26B-EDT-01 | B58: ASCE | D58: Richard Ryabik | F58: X | H58: 196 | I58: 196 | L58: I recommend removing "Engineeing" here and throughout in this proposal and substituton " Responsible Traffic-Control Authority" or "Responsible Traffic-Control Personnel" or "Responsible Authority" a term related to section 1D.02. Engineering is covered in Section 1D.03.
A59: 26B-EDT-01 | B59: ITE | D59: Kathy Falk | F59: X | H59: 196 | I59: 212 | L59: Suggest re-wording to be more concise and clear, such as: Table 1D-X identifies five major categories of engineering decisions for traffic control devices: A. Device Selection B. Device Placement C. Operation Decision D. Performance Monitoring E. Assessment of the Device’s Continued Need Categories B through E involve field implementation. This Manual addresses engineering decisions but, with few exceptions, does not prescribe field implementation. Exceptions include procedures for removing traffic control signals and pavement marking removal alternatives that are unacceptable. Device selection, placement, and operation decision occur before a traffic control device is first placed in service. Once the device is in service, two ongoing activities are necessary: monitoring its performance and assessing the device's continuing need.
A60: 26B-EDT-01 | B60: AASHTO | C60: Utah | D60: David Bezzant | H60: 196 | I60: 214 & Table 1D-X | L60: Clarify that selection, placement, and operation decisions may also be revisited after a device enters service. Explain how monitoring performance and assessing continued need lead to subsequent engineering decisions and field actions. The framework should not imply that these decisions occur only before initial installation or that existing maintenance obligations are reduced.
A61: 26B-EDT-01 | B61: ITE | D61: Roxane Mukai | H61: 197 | I61: 212 | L61: Replacing Maintenance with "Monitoring Performance" and "Removal" with "Assessing the Continued Need for the Device" is not a one to one equivalent. Highly concerned that use of such "planning" styled terms will divert attention from actual field condition activities and focus attention on data, statistics and analytics on peformance measures unrelated to field conditions.
A62: 26B-EDT-01 | B62: ITE | D62: Stephen Lewis | H62: 198 | I62: 199 | L62: Recommend revising the description of the five categories, so that they are not all characterized solely as “decisions.” Monitoring Performance and Assessing the Continued Need for the Device are continuing evaluation activities, not necessarily discrete decisions. Suggested wording: As described in Table 1D-X, there are five major categories of engineering decisions and evaluations associated with traffic control devices.
A63: 26B-EDT-01 | B63: AASHTO | C63: Iowa | D63: Chris Poole | H63: 198 | I63: 212 | L63: I'd recommend splitting up the five major categories into "prior to installation" and "after installation," just as is described in lines 209-212. Note that these lines also make the distinction between "categories of decisions" and "ongoing activities." The term "placed in service" used on these lines should be avoided so as to minimize potential confusion with the term "placement." Instead, use the term "installed."
A64: 26B-EDT-01 | B64: ITE | D64: Michael Cynecki | H64: 202 | I64: 202 | L64: Delete the word "Decision". It is not consistent with the other four Decision Categories and seems to add confusion to the meaning . . . at least to me.
A65: 26B-EDT-01 | B65: ITE | D65: Amitai Lipton | H65: 202 | I65: 202 | L65: Using the word "decision" here is inconsistent with the other four items in this list, which omit the term "decision."
A66: 26B-EDT-01 | B66: ITE | D66: Stephen Lewis | H66: 202 | I66: 202 | L66: Suggest renaming “Operation Decision” as “Operational Design” or “Operational Determination.” The present term is not typical practitioner terminology and could be confused with day-to-day operation of a device. Also affects Table 1D–X
A67: 26B-EDT-01 | B67: ITE | D67: James Robertson | H67: 202 | L67: Since this is a list of "Decisions" the repeating of the word decision within the list is awkward. Therefore, C should just be "Operations"
A68: 26B-EDT-01 | B68: NACTO | D68: Garry Ford | F68: X | H68: 203 | I68: 203 | L68: Delete "Decision" as Operation is a major category of decisions.
A69: 26B-EDT-01 | B69: ITE | D69: James Robertson | H69: 203 | L69: I suggest "Performance Monitoring"
A70: 26B-EDT-01 | B70: NACTO | D70: Garry Ford | H70: 204 | I70: 204 | L70: Edit comment: Suggest revising to E. Assessing the "Additions, Modifications, and" Continued Need for the Device. These are common, ongoing activities that are necessary for a traffic control device. This is a requirement for a Diagnostic Team related to grade crossings. Modifications are also common for TTC plans.
A71: 26B-EDT-01 | B71: ITE | D71: Adam Greenstein | H71: 205 | I71: 205 | L71: Clarify which four specific categories in lines 200-204 have an associated field implementation.
A72: 26B-EDT-01 | B72: ITE | D72: Michael Cynecki | H72: 205 | I72: 208 | L72: Delete the paragraph. I have no idea what is the intent of the paragraph except to add more words to the Manual.
A73: 26B-EDT-01 | B73: AASHTO | C73: Idaho | D73: Ryan Lancaster | H73: 205 | I73: 212 | L73: This is where I try to remember capitalization rules, but I don't think selection, placement, operation decision, monitoring performance, or assessing the continued need for the device are capitalized when used in a sentence.
A74: 26B-EDT-01 | B74: ITE | D74: Roxane Mukai | H74: 207 | I74: 208 | L74: The sentence is incomplete or there is no purpose to the mentioning of the two exceptions. Technically removal is not a field implementation since implementation implies installation not removal/demolition.
A75: 26B-EDT-01 | B75: ITE | D75: Adam Greenstein | H75: 207 | I75: 208 | L75: Change the two exceptions to a lettered list.
A76: 26B-EDT-01 | B76: ITE | D76: Michael Cynecki | H76: 209 | I76: 209 | L76: Change to read: "Selection, Placement, and Operation are engineering decisions that are made before a traffic . . . " to be consistent with other recommended changes.
A77: 26B-EDT-01 | B77: ITE | D77: James Robertson | H77: 209 | I77: 210 | L77: For clarity, this sentence should read: "The selection decision, placement decision, and operation decision are engineering decisions that are made before a traffic control device is first placed in service." or "The selection, placement, and operation decisions are engineering decisions that are made before a traffic controlled device is placed in service." As currently written, it's not clear that the word "placement" only means the placement decision. This is another reason for my comment related to item C not including the word "decision" in it since the entire list is a set of "decisions"
A78: 26B-EDT-01 | B78: ITE | D78: Scott Wainwright | F78: X | H78: 211 | I78: 211 | L78: Delete the phrase "that are necessary" -- this language is too strong for a Support statement and is unnecessary in the sentence to convey the thought.
A79: 26B-EDT-01 | B79: AASHTO | C79: Maryland | D79: Youngmin Choi | F79: X | H79: 211 | I79: 212 | L79: In Paragraph 04, consider whether “necessary” is appropriate in a Support statement, as it could be interpreted as establishing a requirement for ongoing monitoring and assessment.
A80: 26B-EDT-01 | B80: AASHTO | C80: Virginia | D80: Mark Cole | H80: 211 | I80: 212 | L80: Remove language indicating these are "necessary": "After a traffic control device is placed in service, there are two ongoing actitivies that are necessary - Monitoring Performance and Assessing the Continued Need for the Device are ongoing activities that occur after the device is placed in service."
A81: 26B-EDT-01 | B81: ITE | D81: James Robertson | H81: 211 | I81: 212 | L81: I suggest changing "monitoring Performance" to "Performance Monitoring" to be consistent with my above comment related to line 203.
A82: 26B-EDT-01 | B82: HFR | D82: Erin Kissner | H82: 211 | I82: 212 | L82: Recommend removing “necessary” to avoid implying a specific or affirmative monitoring requirement for every traffic control device. The intent appears to be identifying categories of ongoing activities rather than establishing additional monitoring obligations.
A83: 26B-EDT-01 | B83: ASCE | D83: Richard Ryabik | H83: 213 | I83: 213 | L83: I recommend removing "Engineeing" use other more inclusive term or none
A84: 26B-EDT-01 | B84: ITE | D84: Stephen Lewis | H84: 213 | I84: 214 | K84: 1D-X | L84: Suggest expanding the field outcomes associated with “Assessing the Continued Need for the Device.” The evaluation may result in retention, modification, relocation, replacement, deactivation, or removal, rather than removal alone.
A85: 26B-EDT-01 | B85: AASHTO | C85: Kentucky | D85: Jeff Wolfe | E85: X | H85: 213 | I85: 215 | K85: 1D-X | L85: Editorial comment - the font of the bottom right "Removal" text is larger than the rest of the Table entries.
A86: 26B-EDT-01 | B86: AASHTO | C86: Iowa | D86: Chris Poole | H86: 213 | I86: 215 | K86: 1D-X | L86: Again, defining terms within the text of the Manual should be avoided and should instead be handled by adding the terms to Section 1D.02.
A87: 26B-EDT-01 | B87: AASHTO | C87: Mississippi | D87: James Sullivan | H87: 213 | I87: 215 | J87: 1D-X | L87: Under the heading "Selection" consider removing "…; or the use of a warrant." Aren't warrants used as a consideration as part of an Engineering Study and not as a stand-alone trigger for selection?
A88: 26B-EDT-01 | B88: AASHTO | C88: Mississippi | D88: James Sullivan | H88: 213 | I88: 215 | J88: 1D-X | L88: Under the heading "Monitoring Performance" include monitoring in the sense of the TCD's effectiveness in improving the safety and operational performance as observed in the field.
A89: 26B-EDT-01 | B89: AASHTO | C89: Virginia | D89: Mark Cole | H89: 213 | I89: 215 | K89: 1D-X | L89: Consider simplifying the definitions in Table 1D-X to focus on clearly distinguishing among the different categories. Some definitions appear to extend beyond defining the term and into supporting discussion, examples, or considerations that may not be necessary. For example, the Placement definition creates some potential overlap with Selection by including considerations such as device size, while the Operation Decision definition includes numerous examples and could more simply describe how a device functions or operates over time. More concise definitions focused on the distinction between categories may also help avoid unintended overlap or implications.
A90: 26B-EDT-01 | B90: ITE | D90: Nathan Conard | H90: 213 | I90: 215 | K90: 1D-X | L90: Formatting of text in "Removal" section in bottom right of the table is not consistent with the rest of this table.
A91: 26B-EDT-01 | B91: ITE | D91: Ahmed Aburahmah | F91: X | H91: 213 | I91: 215 | K91: 1D-X | L91: Typo in Table 1-D, Engineering Decision column, Selection section, last sentenc mentions "engineering judgement". The word "judgement" is misspelled. The correct spelling is "judgment".
A92: 26B-EDT-01 | B92: ITE | D92: Michael Cynecki | H92: 213 | I92: 215 | K92: 1D-X | L92: Suggest deleting the table because it is not needed. If you decide to retain this wordy table, I suggest the following changes: Under Placement, change "activity" to "act". Change "Operation Decision" to "Operation"
A93: 26B-EDT-01 | B93: ITE | D93: Marc Jacobson | F93: X | H93: 213 | I93: 215 | K93: 1D-X | L93: I think this table can be cleaned up some by removing those rows in each section with just the one word names. Since those names are also repeated in the definition in the row below, I do not think these title rows are needed.
A94: 26B-EDT-01 | B94: ITE | D94: James Robertson | H94: 213 | I94: 215 | K94: Table 1D-X | L94: Given other text throughout this proposal. It appears the field implementation equivalent to "Selection" would be "use" with "use" being described as "the implementation associated with a selection decision." This is based upon the edits to line 327, line 339, and line 342 which adds the word "use" when discussing the implementation of a selection decision.
A95: 26B-EDT-01 | B95: ITE | D95: James Robertson | H95: 213 | I95: 215 | K95: Table 1D-X | L95: Suggest text for Placement: "Placement The process of determining the proper position for a device. Considerations related to placement vary for different types of devices but might include height, lateral distance (offset), longitudinal distance from a reference point, distance from other devices, suitable lane widths, appropriate taper lengths, and lengths of longitudinal bugger area. Placement also includes addressing the visibility/detectability of a device through the consideration of size (e.g. sign dimensions, pavement marking dimensions, traffic signal dimensions), conspicuity, and contract with the environmental background. The purpose of the revised text is to remove "providing appropriate visibility" from the 1st sentence since this is really a field implementation thing and the decision related to visibility is discussed in the 3rd sentence. Adding a missing comma to the 2nd sentence. Changing the e.g. list in the 2nd sentence to show this applies to all devices, including signals.
A96: 26B-EDT-01 | B96: ITE | D96: James Robertson | H96: 213 | I96: 215 | K96: Table 1D-X | L96: Comments related to Operations: The table is a list of decisions. Repeating the word "decision" within the list with "Operation Decision" is redundant. The appropriate term would be operation or operations. "Operation Implementation" should just be "Implementation"
A97: 26B-EDT-01 | B97: ITE | D97: Ronnie Bell | E97: X | H97: 213 | I97: 215 | K97: 1D-X | L97: "Judgement" should be changed to "judgment" in the last line of "Selection" for consistency with the current MUTCD text.
A98: 26B-EDT-01 | B98: AASHTO | C98: Idaho | D98: Ryan Lancaster | H98: 214 | I98: 214 | L98: - More 'definitions' that aren't in Definitions. While this information is very good, it is wordy. The wordiness will be a deterant to use. - In the last line of Selection under Engineering Decision, delete the first "e" from judgment.
A99: 26B-EDT-01 | B99: ITE | D99: Adam Greenstein | H99: 214 | I99: 214 | L99: Remove repetition of terms in the text boxes below each category, e.g. under Engineering Decision for "Selection" remove "Selection--", under Field Implementation for "Placement" remove "Installation--". Same goes for "Placement--", "Operation Decision--", "Monitoring Performance--", "Maintenance--", "Selection for Removal--", and "Removal--".
A100: 26B-EDT-01 | B100: ITE | D100: Adam Greenstein | H100: 214 | I100: 214 | L100: Under Monitoring Performance, evaluating timing and phasing is not appropriate. Timing is beyond the purview of the MUTCD. Evaluating phasing falls under Selection. The ability of the signal to be adequately seen, such as indication brightness and angle relative to approaching tarffic, signal head pole locations or alignment on mast arms / span wires, damage, etc.
A101: 26B-EDT-01 | B101: ITE | D101: Adam Greenstein | H101: 214 | I101: 214 | L101: Maintenance: after "…roadway or right-of-way", change the period to a dash so the subsequent discussion on that context for using the word "maintenance" is specifically associated with it. Otherwise, it could be construed to be associated with the entire paragraph.
A102: 26B-EDT-01 | B102: NACTO | D102: Garry Ford | H102: 214 | I102: 214 | L102: Delete "Decision" from Operation Decision in Table 1D-X.
...

Sheet 26B-GMI-01
A1: A | B1: B | C1: C | D1: D | E1: E | F1: F | G1: G | H1: H | I1: I | J1: J | K1: K | L1: L | M1: M
H2: If Concur in Part, or Do Not Concur, please identify the line number(s), Table Number, or Figure Number and enter comment
A3: ID of Technical Committee Recommendation | B3: Name of Sponsoring Organization | C3: If from AASHTO, name of responding state | D3: Name of responding individual | E3: Fully Concur | F3: Concur in Part | G3: Do Not Concur | H3: Line Number start | I3: Line Number end | J3: Figure Number | K3: Table Number | L3: Comment | M3: TC / JTF Disposition of Comment
A6: 26B-GMI-01 | B6: ASCE | D6: Richard Ryabik | F6: X | H6: General | J6: 2E-53. | L6: This sign is missing it's sign designation number E3-2, please verify
A7: 26B-GMI-01 | B7: ITE | D7: Amitai Lipton | G7: X | H7: 27 | I7: 35 | L7: My understanding of 2E.51.04-05 (lines 28-29) is that the maximum is either (a) one destination taking up 3 lines; or (b) two destinations, one of which fits on 1 line, and the other uses 2 lines. As such, I feel this proposal is inconsistent with the intent of these paragraphs. I would suggest tabling this proposal, and if needed, introducing a new proposal that rewrites the section(s) with clear and unambiguous language.
A8: 26B-GMI-01 | B8: AASHTO | C8: Idaho | D8: Ryan Lancaster | F8: X | H8: 72 | I8: 83 | L8: Make new paragraphs for "destinations" and "traffic generator destinations." Also, rather than listing "standard interchange signing destinations" in this section, perhaps refer to Sec. 2E.15 which provides the clearest direction for "standard interchange signing destinations." Or perhaps there should be a separate section that directly addresses what destinations are appropriate for what guide signs.
A9: 26B-GMI-01 | B9: AASHTO | C9: Minnesota | D9: Brian Sorenson | F9: X | H9: 73 | I9: 73 | L9: Replace "other than places displayed on the standard interchange signing" with "that are not displayed on interchange guide signs." This is more concise and will be consistent with MnDOT's other comments.
A10: 26B-GMI-01 | B10: AASHTO | C10: Minnesota | D10: Brian Sorenson | H10: 75 | I10: 83 | L10: End the first paragraph on Line 75. Start a new paragraph by adding a sentence: "Supplemental guide sign destinations may include city names, street names, traffic generators or other destinations of significant interest to road users." Then add lines 76-83 as part of the same paragraph following this sentence. This revision helps establish that there are multiple types of supplemental destinations, including traffic generators. This context is important because new language has been added addressing traffic generators, but there is currently limited support or explanation regarding other types of supplemental destinations.
A11: 26B-GMI-01 | B11: AASHTO | C11: New Hampshire | D11: William Lambert | G11: X | H11: 77 | I11: 83 | L11: Listing this material in the MUTCD is redundant to the AASHTO guideline cited in this paragraph.
A12: 26B-GMI-01 | B12: NACTO | D12: Elijah Ferrari | G12: X | H12: 77 | I12: 83 | L12: Some of these seem major and should be on the standard interchange signing. SOme of these should also be brown background so is this the correct place for them?
A13: 26B-GMI-01 | B13: AASHTO | C13: Minnesota | D13: Brian Sorenson | H13: 78 | I13: 78 | L13: Recommend replacing "standard interchange signing destinations" with "interchange guide sign destinations". This is consistent with 2E.21 and avoids using the word "standard" which may not be appropriate in the context of these types of destinations which are chosen through standards/guidance/support in Section 2E.07 as well as other methods.
A14: 26B-GMI-01 | B14: AHUA | D14: Randy Dittberner | F14: X | H14: 78 | I14: 79 | L14: I suggest omitting "but are not limited to." The word "include" already means that the list that follows is not necessarily exhaustive. In this case, I don't think there are too many other standard destinations besides place names and street names, so I don't think it's essential to use the redundant phrase "not limited to."
A15: 26B-GMI-01 | B15: AASHTO | C15: Minnesota | D15: Brian Sorenson | H15: 79 | I15: 79 | L15: Replace "Advance guide signs" with "Interchange Advance guide signs" to be consistent with Section 2E.23. In "Exit direction signs", capitalize "Direction".
A16: 26B-GMI-01 | B16: AHUA | D16: Randy Dittberner | H16: 79 | I16: 83 | L16: I think the last sentence in this paragraph should clarify that a destination is only a "traffic generator destination" if it is not displayed on Interchange Advance guide and Exit Direction signs. I think this is needed for consistency with para. 11.
A17: 26B-GMI-01 | B17: AHUA | D17: Randy Dittberner | H17: 79 | L17: I suggest omitting "on Advance guide signs and Exit direction signs." Standard destinations meet the definition proposed even when they are not used on Advance guide or Exit Direction signs. However, if this comment is not accepted by GMI, then I suggest using the same terminology and capitalization to refer to these signs as is used elsewhere in the MUTCD: "Interchange Advance guide signs" and "Exit Direction signs".
A18: 26B-GMI-01 | B18: ITE | D18: Adam Greenstein | F18: X | H18: 82 | I18: 82 | L18: Capitalize "Supplemental Guide Signs".
A19: 26B-GMI-01 | B19: AASHTO | C19: Idaho | D19: Ryan Lancaster | H19: 88 | I19: 94 | L19: - Make the moved sentence it's own paragraph. The sentence stands apart from the rest of Par. 3. - The moved sentence is the most important part of Par. 3. Moving it to the end deemphasizes the priority of the sentence. Further, I'm not a fan of the various guidance statements like Par. 3 that are sprinkled throughout the GMI chapers of Part 2. These paragraphs are FHWA pushing the work off to the states and are potentially detrimental to uniformity and consistency.
A20: 26B-GMI-01 | B20: NACTO | D20: Elijah Ferrari | H20: 96 | I20: 117 | L20: Why 2 max? Canada allows 3: See AC-MUTCD 4.2.4.1 It's hard to justify 2 max when a blue service sign can have 6 fast-food places in full graphics and additional service signs as needed. 3 should be allowed and up to state or local policy to make it 2 max. For urban areas, with the guidance on line 96 to only have one supplemental guide sign and then only 2 max places on that sign, this is not realistic. Recommend deleting Line 96 and changing line 114 to 3. Research not found that 3 vs 2 destinations is distracting to drivers.
A21: 26B-GMI-01 | B21: AASHTO | C21: Virginia | D21: Mark Cole | F21: X | H21: 97 | I21: 100 | L21: Consider revising Paragraph 5 to more clearly convey that “destination names” in this provision may include traffic-generator destinations and/or standard interchange signing destinations. While the proposed language in lines 77–83 helps clarify the distinction between these two types of destinations, some ambiguity remains between the Guidance in lines 97–99 and the Standard in lines 114–117. The circularity noted in the proposal discussion is still somewhat apparent, and additional clarification in Paragraph 5 would help resolve it.
A22: 26B-GMI-01 | B22: ITE | D22: Scott Kuznicki | F22: X | H22: 97 | I22: 100 | L22: In practice, numerous examples exist of Supplemental Guide Signs with more than two destinations and some with four, five, or even six lines of text besides the action lines. The arrangment and number of legend units matters more than the number of lines alone. Given this reality, practitioners would benefit from supplemental information concerning the use of partial-width and full-width horizontal separators and the importanc of dividing lines of text to improve the target value of specific elements of the destination name. Consider that a taller and narrower sign might be easier to read quickly than a wider sign with fewer lines of text; place names such as "Desert Ridge Museum of Contemporary Art" could be devided onto two lines or three lines and the choice of line breaks changes the readability of the legend groups.
A23: 26B-GMI-01 | B23: HFR | D23: Erin Kissner | F23: X | H23: 97 | I23: 100 | L23: Think that language in Paragraph 05 could further clarify/specify that the two destinations may include traffic-generator destinations and/or standard interchange signing destinations, assuming this is the correct interpretation. There still seems to be some ambiguity between paragraphs 05 and 08.
A24: 26B-GMI-01 | B24: AASHTO | C24: Illinois | D24: Kristie Nyderek | F24: X | H24: 97 | I24: 114 | L24: Line 97 "A Supplemental guide sign should display no more than two destinations and no more than three line of destination names." Why does "….no more than two desinations…" need to be here when it is already in the standard in Line 114? I have always thought the layout was a little weird. Why not have the Standard first, and then the guidance? But it seems redundant to have the maximum allowable listed twice. Suggested revision. "A Supplemental guide sign should have no more than three lines of destination names."
A25: 26B-GMI-01 | B25: AASHTO | C25: Maryland | D25: Stephen Hollie | F25: X | H25: 97 | I25: 117 | L25: Against the removal of "and four from a single interchange along the main roadway" from Paragraph 08. Existing conditions that were implemented under undesirable circumstances have resulted in more than two supplemental destinations being signed. The shall condition is still needed to assist State and Local Transportation Officials in rejecting excessive requests in the future. Check Paragraphs 05 and 08 for seemingly conflicting statements (Should versus Shall).
A26: 26B-GMI-01 | B26: ASCE | D26: Tom Heydel | F26: X | H26: 100 | I26: 100 | L26: retain this sentence because paragraph 07 and 09 elude to it but not as clearly as this sentence reads. The sign needs to be separate from the primary guide signs
A27: 26B-GMI-01 | B27: AASHTO | C27: Idaho | D27: Ryan Lancaster | H27: 103 | I27: 106 | L27: Two or more Interchange Advance guide signs (IAGS) is the norm, and one is the exception (minor IC, closely spaced ICs). Perhaps rework Par. 6 so that it doesn't sound like fewer than two IAGS is normal and then create a new option from the one IAGS sentence to modify the guidance.
A28: 26B-GMI-01 | B28: ITE | D28: Eagan L. Foster | F28: X | H28: 110 | I28: 110 | L28: Consider replacing the word "detract" with the word "distract"... which seem more clear about the meaning intended.
A29: 26B-GMI-01 | B29: AASHTO | C29: Idaho | D29: Ryan Lancaster | H29: 110 | I29: 111 | L29: A supplemental guide sign IS an "interchange guide sign." Perhaps reword to state that a suplemental guide sign should not detract from an Interchange Advance guide sign. But taking this further, the guidance in Par. 7 is vague and subjective. Paragraphs 6 and 9 directly address the topic. Perhaps Par. 7 should be deleted in its entirety and Par. 9 be relocated prior to Par. 6.
A30: 26B-GMI-01 | B30: AASHTO | C30: New Hampshire | D30: William Lambert | H30: 113 | I30: 117 | L30: While not necessarily relevant to this proposal, I object to Standard language restricting the use of Supplemental Guide Signs, either for number of signs, or number of destinations. As a traffic engineer, I would prefer to limit the number of such signs; however, those decisions are often made by elected officials and others, despite objections by the state's traffic engineer. I am not aware of any documented correlation between selective sign clutter and crashes or injuries. Without that correlation, the MUTCD should not make a state non-compliant simply because elected officials demanded a sign. This paragraph should be no more than Guidance.
A31: 26B-GMI-01 | B31: AASHTO | C31: Kentucky | D31: Jeff Wolfe | E31: X | H31: 114 | I31: 114 | L31: Editorial comment - there appears to be a dash between "generator" and "destinations".
A32: 26B-GMI-01 | B32: ITE | D32: Nathan Conard | F32: X | H32: 114 | I32: 114 | L32: There appears to be strikethrough text formatting in the space between the words "generator" and "destinations" in this line that needs to be removed.
A33: 26B-GMI-01 | B33: NACTO | D33: Cary Bearn | E33: X | H33: 114 | I33: 114 | L33: For added flexibility, revise to allow up to three supplemental traffic generator designations (instead of the current max of two)
A34: 26B-GMI-01 | B34: ITE | D34: Stephen Lewis | F34: X | H34: 114 | I34: 117 | L34: Recommend explicitly stating that traffic-generator destinations count toward, and are not additional to, the Paragraph 05 maximum. Suggested wording: “No more than two traffic-generator destinations shall be signed from a single interchange approach. Traffic-generator destinations shall be included within, and shall not be in addition to, the maximum number of destinations specified in Paragraph 05 of this Section.”
A35: 26B-GMI-01 | B35: AHUA | D35: Randy Dittberner | H35: 114 | L35: There appears to be a hyphen between "generator" and "destinations" that is not in the MUTCD.
A36: 26B-GMI-01 | B36: ITE | D36: Stephen Lewis | H36: 121 | I36: 122 | L36: Recommend revising Paragraph 09 to regulate both assembly and location. Suggested wording: "Supplemental guide signs shall not be placed on the same assembly or at the same location as Interchange Advance…"
A37: 26B-GMI-01 | B37: AASHTO | C37: Utah | D37: David Bezzant | E37: X | L37: Additional examples would help, but need not be a condition of concurrence.
A38: 26B-GMI-01 | B38: AASHTO | C38: Georgia | D38: John Hibbard | E38: X | L38: ok
A39: 26B-GMI-01 | B39: AASHTO | C39: Connecticut | D39: Gregory Palmer | E39: X
A40: 26B-GMI-01 | B40: AASHTO | C40: DC | D40: Zhibo Zhang | E40: X
A41: 26B-GMI-01 | B41: AASHTO | C41: Delaware | D41: Peter Haag | E41: X
A42: 26B-GMI-01 | B42: AASHTO | C42: Indiana | D42: Dave Boruff | E42: X
A43: 26B-GMI-01 | B43: AASHTO | C43: Iowa | D43: Chris Poole | E43: X
A44: 26B-GMI-01 | B44: AASHTO | C44: Kentucky | D44: Logan Baker | E44: X
A45: 26B-GMI-01 | B45: AASHTO | C45: Kentucky | D45: Jon Whitaker | E45: X
A46: 26B-GMI-01 | B46: AASHTO | C46: Kentucky | D46: Jason Hyatt | E46: X
A47: 26B-GMI-01 | B47: AASHTO | C47: Louisiana | D47: Jody Colvin | E47: X
A48: 26B-GMI-01 | B48: AASHTO | C48: Massachusetts | D48: Jim Danila | E48: X
A49: 26B-GMI-01 | B49: AASHTO | C49: Michigan | D49: Garrett Dawe | E49: X
A50: 26B-GMI-01 | B50: AASHTO | C50: Mississippi | D50: James Sullivan | E50: X
... A62: 26B-GMI-01 | B62: AASHTO | C62: Wyoming | D62: Christina Spindler | E62: X
A63: 26B-GMI-01 | B63: AAR | D63: Tony Bellamy | E63: X
A64: 26B-GMI-01 | B64: AHUA | D64: Jonathan Upchurch | E64: X
A65: 26B-GMI-01 | B65: APBP | D65: Matt Johnson | E65: X
A66: 26B-GMI-01 | B66: APBP | D66: Jeremy Chrzan | E66: X
A67: 26B-GMI-01 | B67: ARTBA | D67: Tim Lang | E67: X
A68: 26B-GMI-01 | B68: ASCE | D68: Bob Bryson | E68: X
A69: 26B-GMI-01 | B69: ASCE | D69: Benjamin Colucci | E69: X
A70: 26B-GMI-01 | B70: ASCE | D70: William Eidson | E70: X
A71: 26B-GMI-01 | B71: ATSSA | D71: Eric Perry | E71: X
A72: 26B-GMI-01 | B72: IBTTA | D72: Shannon Bonilla | E72: X
A73: 26B-GMI-01 | B73: IMSA | D73: Robert Little | E73: X
A74: 26B-GMI-01 | B74: ITE | D74: Ahmed Aburahmah | E74: X
... A101: 26B-GMI-01 | B101: NACE | D101: Lee Billingsley | E101: X
A152: Total Commentors: | E152: =COUNTIF(E5:E151,"X") -> 67 | F152: =COUNTIF(F5:F151,"X") -> 14 | G152: =COUNTIF(G5:G151,"X") -> 3
A153: Total Comments: | L153: =COUNTA(L5:L151) -> 33

Sheet 26B-GMI-02
A1: A | B1: B | C1: C | D1: D | E1: E | F1: F | G1: G | H1: H | I1: I | J1: J | K1: K | L1: L | M1: M
H2: If Concur in Part, or Do Not Concur, please identify the line number(s), Table Number, or Figure Number and enter comment
A3: ID of Technical Committee Recommendation | B3: Name of Sponsoring Organization | C3: If from AASHTO, name of responding state | D3: Name of responding individual | E3: Fully Concur | F3: Concur in Part | G3: Do Not Concur | H3: Line Number start | I3: Line Number end | J3: Figure Number | K3: Table Number | L3: Comment | M3: TC / JTF Disposition of Comment
A6: 26B-GMI-02 | B6: AASHTO | C6: Idaho | D6: Ryan Lancaster | F6: X | H6: General | L6: General: Good clean up, but keep going…
A7: 26B-GMI-02 | B7: AASHTO | C7: Minnesota | D7: Brian Sorenson | F7: X | H7: General | L7: MnDOT believe that Acknowledgement Signs and Plaques do not meet the MUTCD definition of a Traffic Control Device and that the MUTCD overreaches on the requirements and recommendations for these signs. Section 1C.02, Par. 03, #273 defines a Traffic Control Device as: "all signs, signals, markings, channelization devices, or other devices that use colors, shapes, symbols, words, sounds, and/or tactile information for the primary purpose of communicating a regulatory, warning, or guidance message to road users on a street, highway, pedestrian facility, bikeway, pathway, or site roadway open to public travel." The MUTCD is a manual intended to establish uniform national criteria for the use of traffic control devices, not other types of devices that may be present along the roadway. Acknowledgment Signs and Plaques do not convey regulatory, warning, or guidance information to road users, nor do they provide navigational or operational benefit. Their function is recognition of sponsors or volunteer groups. Recommend this proposal be expanded to reduce the requirements and recommendations for Acknowledgement Signs and Plaques, specifically Section 2H.13, Par 16.
A8: 26B-GMI-02 | B8: AASHTO | C8: New Hampshire | D8: William Lambert | G8: X | H8: General
A9: 26B-GMI-02 | B9: AASHTO | C9: Idaho | D9: Ryan Lancaster | H9: 26 | I9: 30 | L9: An interesting beginning volley. I'm not sure how much liability is associated with acknowledgment and TOD signs. They are mostly just an annoyance to traffic engineers…
A10: 26B-GMI-02 | B10: ITE | D10: Roxane Mukai | F10: X | H10: 57 | I10: 60 | L10: Under the impression that discontinuity of TTC was not the original issue. Acknowledgement (none-essential) signs after careful application of engineering judgement should be covered or removed if they distract from or are to closely spaced to critical signs needed for safe operations - TTC signs likely to be critical since roadway operations are in a none-standard condition.
A11: 26B-GMI-02 | B11: AHUA | D11: Jonathan Upchurch | F11: X | H11: 73 | I11: 73 | L11: Suggest revising to read, "The existing wording recommends TODS be located “at least 200 feet from….". As currently written the text might be misinterpreted to mean that TODS must be within 200 feet of other traffic control devices.
A12: 26B-GMI-02 | B12: ITE | D12: Eagan L. Foster | F12: X | H12: 99 | I12: 102 | L12: Create a definition in Part I of the MUTCD for "Acknowledgment Signs".
A13: 26B-GMI-02 | B13: AASHTO | C13: Minnesota | D13: Brian Sorenson | H13: 109 | I13: 110 | L13: Recommend removing Par. 3. We believe that a State or local highway agency that elects to have a sponsorship acknowledgement program should develop a policy. We believe that policy should include the items in Section 2H.13, Par 2 and provisions for regarding placement and design. Recommend incorporating placement and design of the signs into Paragraph 2 (Lines 104 to 107).
A14: 26B-GMI-02 | B14: AASHTO | C14: Minnesota | D14: Brian Sorenson | H14: 111 | I14: 114 | L14: Recommend replace with "Acknowledgement Signs and Plaques shall not interfere with traffic control devices."
A15: 26B-GMI-02 | B15: APBP | D15: Jeremy Chrzan | F15: X | H15: 111 | I15: 115 | L15: In reviewing 26B-EDT-01, it apparent that use of the word "installed" is problematic in this section because it's dealing with the time of the placement of the sign. Instead it should read "Because regulatory, warning, and guide signs have a higher priority, Acknowledgment signs shall only be installed located where adequate spacing is available between the Acknowledgment sign and other higher priority signs. Acknowledgment signs shall not be installed located in a position where they would obscure the road users’ view of other traffic control devices."
A16: 26B-GMI-02 | B16: ITE | D16: Michael Cynecki | F16: X | H16: 113 | I16: 153 | L16: Change "installed" to "used" to be consistent with an Edit Committee proposal
A17: 26B-GMI-02 | B17: NACTO | D17: Cary Bearn | F17: X | H17: 115 | I17: 123 | L17: This is overly restrictive in urban environments and the goal to reduce sign clutter and prevent confusion at key decision points is less relevant at lower speeds. Engineering judgement should be used at lower speeds to determine placement. Add flexibility for use in urban conditions by creating an exception for where speed limits are 40 mph or below. As written it may become impossible to post these signs. Below 40 mph, the MUTCD could include this recommendation as guidance (should statement)
A18: 26B-GMI-02 | B18: AASHTO | C18: Wisconsin | D18: Ryan Mayer | F18: X | H18: 116 | I18: 116 | L18: "Adjacent to" seems almost as vague as "around". Perhaps replacing "adjacent to" with something like "directly next to" would leave less room for interperetation?
A19: 26B-GMI-02 | B19: ITE | D19: Nathan Conard | F19: X | H19: 116 | I19: 116 | L19: The phrase "adjacent to" in this line is problematic for similar reasons as "around" that the proposal discusses. Suggest more clear language for a standard statement.
A20: 26B-GMI-02 | B20: ITE | D20: Amitai Lipton | F20: X | H20: 116 | I20: 117 | L20: For clarity, add two commas and delete the word "a", so lines 116-117 read: "A. On the same support as, or adjacent to, any other sign or highway traffic signal"
A21: 26B-GMI-02 | B21: ASCE | D21: Bob Bryson | F21: X | H21: 116 | I21: 117 | L21: An implied distinction is already contained in the existing statement concerning privately owned signs or billboards immediately adjacent to the right of way. As an alternative to the proposed revision, retain this distinction between signs within and adjcent to the right of way and do not remove the words " traffic control devices, including traffic signs" from Paragraph 05(A), or make some other distinction of signs within the highway right of way.
A22: 26B-GMI-02 | B22: AASHTO | C22: Idaho | D22: Ryan Lancaster | H22: 116 | I22: 123 | L22: - I recommend and request to delete "any" from line 116 and "more" from line 120 and to reword as necessary. These words are akin to "all," "never," "very," etc. and are unnecessary and undesirable in technical writing like the MUTCD. - I agree with the sentiment that acknowledgement signs should not distract from TTC, but I understand why TTC is proposed to be deleted. It's unlikely that a new acknowledgement sign would be intentionally installed in a TTC zone, The acknowledgement sign likely was in place prior to the presence of the TTC zone.
A23: 26B-GMI-02 | B23: AASHTO | C23: Illinois | D23: Kristie Nyderek | F23: X | H23: 116 | L23: Why can't an Adopt A Highway sign be on the back of say a No Passing Zone?
A24: 26B-GMI-02 | B24: ITE | D24: Nathan Conard | H24: 117 | I24: 117 | L24: Need more clarification on why changeable message signs are proposed to be removed from this standard.
A25: 26B-GMI-02 | B25: NACE | D25: Jon Krieg | E25: X | H25: 118 | I25: 118 | L25: In the blue added text, remove"a" from "or a".
A26: 26B-GMI-02 | B26: ITE | D26: Stephen Lewis | F26: X | H26: 118 | I26: 119 | L26: Retain paragraph 05B. Otherwise, deletion could permit mounting on bridge piers or other roadside structures. Alternately, delete pargraph 05B and retain the independent post-mounted installation requirement in paragraph 06.
A27: 26B-GMI-02 | B27: APBP | D27: Matt Johnson | E27: X | H27: 118 | I27: 120 | L27: (Comment deleted as it deals with proposal formatting and includes a recommendation that violates the current proposal guidelines.)
A28: 26B-GMI-02 | B28: AASHTO | C28: Kentucky | D28: Jon Whitaker | E28: X | H28: 118 | I28: 120 | L28: (Comment deleted as it deals with proposal formatting and includes a recommendation that violates the current proposal guidelines.)
A29: 26B-GMI-02 | B29: AASHTO | C29: Maryland | D29: Stephen Hollie | F29: X | H29: 118 | I29: 120 | L29: (Comment deleted as it deals with proposal formatting and includes a recommendation that violates the current proposal guidelines.)
A30: 26B-GMI-02 | B30: AASHTO | C30: Kentucky | D30: Jeff Wolfe | E30: X | H30: 120 | I30: 120 | L30: (Comment deleted as it deals with proposal formatting and includes a recommendation that violates the current proposal guidelines.)
A31: 26B-GMI-02 | B31: AASHTO | C31: Illinois | D31: Kristie Nyderek | H31: 120 | I31: 123 | L31: We give distance between signs but give no guidance regarding the geometry / decision points. Wouldn't guidance for spacing be beneficial also?
A32: 26B-GMI-02 | B32: ITE | D32: Amitai Lipton | H32: 120 | I32: 123 | L32: Add "crosswalks" to item (C), which lists key decision points requiring a road user's attention.
A33: 26B-GMI-02 | H33: 120 | I33: 123 | L33: If removing TTC from list of locations where Acknowledgement signs shall not be installed, strongly feel that "permission" for covering or removing the Acknowledgement sign when it interferes with essential TCDs should be "acknowledged" in this part.
A34: 26B-GMI-02 | B34: ASCE | D34: Benjamin Colucci | F34: X | H34: 120 | I34: 123 | L34: (Comment deleted as it deals with proposal formatting and includes a recommendation that violates the current proposal guidelines.)
A35: 26B-GMI-02 | B35: ITE | D35: Kevin E. Chen | F35: X | H35: 120 | L35: (Comment deleted as it deals with proposal formatting and includes a recommendation that violates the current proposal guidelines.)
A36: 26B-GMI-02 | B36: ITE | D36: Kathy Falk | F36: X | H36: 122 | I36: 123 | L36: I agree with the background information stating it would be costly to remove or cover acknowledgement signs for surveying and mowing, but for long term TTCs, they should be removed or covered. I suggest adding a statement to accress long duration TTC zones.
A37: 26B-GMI-02 | B37: ASCE | D37: Richard Ryabik | G37: X | H37: 122 | I37: 123 | L37: Consider leaving this TTC note in, it would help resolve conflicts of a 3rd party coming out to an active work site or information for a qualified TTC authority to justify temporarily covering or relocating an existing Ack. Sign.
A38: 26B-GMI-02 | B38: ITE | D38: Amitai Lipton | H38: 124 | I38: 126 | L38: The two sentences in paragraph 06 discuss two unrelated subjects: sign colors, and sign mounting locations. Consider making the second sentence its own paragraph.
A39: 26B-GMI-02 | B39: AASHTO | C39: Minnesota | D39: Brian Sorenson | H39: 131 | I39: 132 | L39: Recommend removing "…shall be located at least 500 feet from other signs and from highway traffic signals…" Or if kept making it a Support statement: "When used in Rest areas, acknowledgement signs are typically placed 500 feet from other signs and highway traffic signals."
A40: 26B-GMI-02 | B40: ITE | D40: Ronnie Bell | F40: X | H40: 145 | I40: 146 | L40: This sentence references Paragraph 14 but Paragraph 14 is not included in this proposal. Section 2H.13 includes paragraphs 14 though 20 which I assume are not included in this proposal since these paragraphs do not include any proposed changes. Since this sentence references program names or slogans "as described in paragraph 14", at least paragraph 14 should be included in this proposal.
A41: 26B-GMI-02 | B41: ITE | D41: Louis Rubenstein | F41: X | H41: 145 | L41: Reference is made to paragraph 14 in this section. I couldn't find it.
A42: 26B-GMI-02 | B42: ASCE | H42: 148 | I42: 148 | L42: Do not delete these words to retain a distinction between signs within or private signs erected adjacent to the right of way. (See my comments regarding lines 116 to 117.)
A43: 26B-GMI-02 | B43: AASHTO | C43: Idaho | D43: Ryan Lancaster | H43: 148 | I43: 152 | L43: - Delete "any" from line 148. - The longitudinal difference between list item "B" and list item "A" are inconsequential. I recommend deleting "A" and revising "B" to include speed limits of 45 and lower. Simplify to low speed and high speed.
A44: 26B-GMI-02 | B44: AASHTO | C44: Minnesota | D44: Brian Sorenson | H44: 148 | I44: 152 | L44: In general, we believe these distance requirements are too overreaching as a Guidance statement. We recommend removing it. If it is kept, we recommend making it a support statement and adding a exception for a Reference Location sign. If it is kept as a guidance statement, we also recommend allowing an exceptions for a Reference Location signs
A45: 26B-GMI-02 | B45: ITE | D45: Amitai Lipton | H45: 148 | I45: 152 | L45: Noting that the Standard in paragraph 08 requires 500 ft spacing on a "highway mainline," regardless of speed. As a result, the Guidance in lines 150-151 would be in conflict for highway mainlines with speed limits 45 mph and below. Recommend revising line 148 as follows: "The minimum spacing between Acknowledgment signs and any other signs, except parking regulation signs, when not located on the highway mainline should be:"
A46: 26B-GMI-02 | B46: AASHTO | C46: Illinois | D46: Kristie Nyderek | H46: 150 | I46: 152 | L46: Why are these distance so much higher when Tods can be within 200 feet, and a sign series approaching an intersection (page 53 of the MUTCD) show signs at 200 foot spacing with no relation to speed. 500 foot spacing at 55 mph seems way over the top.
A47: 26B-GMI-02 | B47: APBP | D47: Jeremy Chrzan | H47: 153 | I47: 155 | L47: Related to my comment for lines 111-115, this section is contradictory given that Acknowlegement signs SHALL NOT be located near near higher priority signs. This section is GUIDANCE, and that guidance may be true in a TTC context, but it should be a STANDARD to relocate or remove an Acknowlegement sign if a higher priority sign is newly-installed near the location of an existing Acknowlegment sign.
A48: 26B-GMI-02 | B48: AASHTO | C48: Minnesota | D48: Brian Sorenson | H48: 153 | I48: 155 | L48: If the standard: Acknowledgement Signs and Plaques shall not interfere with traffic control devices. is added, then we recommend removing paragraph 13 (Lines 153 to 155).
A49: 26B-GMI-02 | B49: NACTO | D49: Elijah Ferrari | F49: X | H49: 161 | I49: 163 | L49: In urban or built-up areas, this is impossible to meet. Recommend removing entirely. Many blocks are 200 ft in length so the sign could not be installed anywhere
A50: 26B-GMI-02 | B50: NACTO | D50: Cary Bearn | H50: 161 | I50: 163 | L50: Add guidance for lower speed environments that allows closer spacing to intersections.
A51: 26B-GMI-02 | B51: ITE | D51: Ahmed Aburahmah | F51: X | H51: 162 | I51: 162 | L51: Item 26B-EDT-01, Line 173, subtitutes the word "highway" for "road". Should the word "highway" in this section be also subsituted for "road" for consistency?
A52: 26B-GMI-02 | B52: ITE | D52: Amitai Lipton | H52: 165 | I52: 165 | L52: It is not clear what "these sign assemblies" refers to. The section appears to intermix "signs" and "sign assemblies." Use of uniform terminology would help the practitioner better understand the guidance in these paragraphs.
A53: 26B-GMI-02 | B53: ASCE | H53: 171 | I53: 171 | L53: Do not delete these words to retain a distinction between signs within or private signs erected adjacent to the right of way. (See my comments regarding lines 116 to 117 and line 148.)
A54: 26B-GMI-02 | B54: ITE | D54: Nathan Conard | H54: 174 | I54: 174 | L54: The term "traffic control devices" in this line should be replaced with "signs and highway traffic signals" as is done in other parts of this proposal.
A55: 26B-GMI-02 | B55: ITE | D55: Adam Greenstein | F55: X | H55: 176 | I55: 177 | L55: Change wording to "…a minimum of 6 feet long…"
A56: 26B-GMI-02 | B56: AASHTO | C56: Connecticut | D56: Gregory Palmer | E56: X
A57: 26B-GMI-02 | B57: AASHTO | C57: DC | D57: Zhibo Zhang | E57: X
A58: 26B-GMI-02 | B58: AASHTO | C58: Delaware | D58: Peter Haag | E58: X
A59: 26B-GMI-02 | B59: AASHTO | C59: Georgia | D59: John Hibbard | E59: X
A60: 26B-GMI-02 | B60: AASHTO | C60: Indiana | D60: Dave Boruff | E60: X
A61: 26B-GMI-02 | B61: AASHTO | C61: Iowa | D61: Chris Poole | E61: X
A62: 26B-GMI-02 | B62: AASHTO | C62: Kentucky | D62: Logan Baker | E62: X
A63: 26B-GMI-02 | B63: AASHTO | C63: Kentucky | D63: Jason Hyatt | E63: X
A64: 26B-GMI-02 | B64: AASHTO | C64: Louisiana | D64: Jody Colvin | E64: X
A65: 26B-GMI-02 | B65: AASHTO | C65: Massachusetts | D65: Jim Danila | E65: X
A66: 26B-GMI-02 | B66: AASHTO | C66: Michigan | D66: Garrett Dawe | E66: X
A67: 26B-GMI-02 | B67: AASHTO | C67: Mississippi | D67: James Sullivan | E67: X
... A79: 26B-GMI-02 | B79: AASHTO | C79: Wyoming | D79: Christina Spindler | E79: X
A80: 26B-GMI-02 | B80: AAR | D80: Tony Bellamy | E80: X
A81: 26B-GMI-02 | B81: AHUA | D81: Randy Dittberner | E81: X
A82: 26B-GMI-02 | B82: APBP | D82: Bailey Waters | E82: X
A83: 26B-GMI-02 | B83: ARTBA | D83: Tim Lang | E83: X
A84: 26B-GMI-02 | B84: ASCE | D84: Tom Heydel | E84: X
A85: 26B-GMI-02 | B85: ASCE | D85: William Eidson | E85: X
A86: 26B-GMI-02 | B86: ATSSA | D86: Eric Perry | E86: X
A87: 26B-GMI-02 | B87: HFR | D87: Erin Kissner | E87: X
A88: 26B-GMI-02 | B88: IBTTA | D88: Shannon Bonilla | E88: X
A89: 26B-GMI-02 | B89: IMSA | D89: Robert Little | E89: X
A90: 26B-GMI-02 | B90: ITE | D90: Marc Jacobson | E90: X
A91: 26B-GMI-02 | B91: ITE | D91: Scott Kuznicki | E91: X
... A111: 26B-GMI-02 | B111: NACTO | D111: Garry Ford | E111: X
A152: Total Commentors: | E152: =COUNTIF(E5:E151,"X") -> 60 | F152: =COUNTIF(F5:F151,"X") -> 23 | G152: =COUNTIF(G5:G151,"X") -> 2
A153: Total Comments: | L153: =COUNTA(L5:L151) -> 49

Sheet 26B-GMI-03
A1: A | B1: B | C1: C | D1: D | E1: E | F1: F | G1: G | H1: H | I1: I | J1: J | K1: K | L1: L | M1: M
H2: If Concur in Part, or Do Not Concur, please identify the line number(s), Table Number, or Figure Number and enter comment
A3: ID of Technical Committee Recommendation | B3: Name of Sponsoring Organization | C3: If from AASHTO, name of responding state | D3: Name of responding individual | E3: Fully Concur | F3: Concur in Part | G3: Do Not Concur | H3: Line Number start | I3: Line Number end | J3: Figure Number | K3: Table Number | L3: Comment | M3: TC / JTF Disposition of Comment
A6: 26B-GMI-03 | B6: AASHTO | C6: Idaho | D6: Ryan Lancaster | F6: X | H6: General | L6: General: Good proposed revisions to an important Chapter 2E section. Should this proposal also address Section 2E.15 which says, "Where two or three signs are placed on the same supports…?"
A7: 26B-GMI-03 | B7: AASHTO | C7: New Hampshire | D7: William Lambert | G7: X | H7: General
A8: 26B-GMI-03 | B8: ITE | D8: Michael Cynecki | F8: X | H8: 104 | I8: 104 | L8: Change Section Heading to read "Number of Signs on an Overhead Sign Structure and Sign Spreading" to be consistent with an Edit Committee proposal..
A9: 26B-GMI-03 | B9: ITE | D9: Daren Grilley | F9: X | H9: 104 | I9: 104 | L9: Considering the changes proposed in 26B-EDT-01, the title of Section 2E.43 should also be changed to, "Number of Overhead Guide Signs and Sign Spreading" (removing the term "installations")
A10: 26B-GMI-03 | B10: ITE | D10: James Robertson | F10: X | H10: 106 | I10: 106 | L10: This might be a different proposed change. However, the word "warranted" appears to be misused here. I believe the word should be "justified", which is what is used in the Highway Traffic Signals Chapter. In general, warrants are checked and a device being "warranted" (or not) is considered, but the engineering decision is based upon "justification" which means more than just the device being warranted.
A11: 26B-GMI-03 | B11: ITE | D11: Michael Cynecki | H11: 110 | I11: 110 | L11: Delete the word "installations" to be consistent with a current Edit Committee proposal regarding the use of this word, and because the word is not needed.
A12: 26B-GMI-03 | B12: AASHTO | C12: Idaho | D12: Ryan Lancaster | H12: 116 | I12: 117 | L12: I recommend deleting "to properly guide the road user" at the end of sentence ending on line 117. My first thought was to delete "properly" as it's unclear who determines what is "proper," but thiking about it further, the rest is also unnecessary as the purpose of guide signs is to guide the road user and therefore does not need to be stated further.
A13: 26B-GMI-03 | B13: ITE | D13: Amitai Lipton | F13: X | H13: 122 | I13: 122 | L13: Add "longitudinally" to clarify that the spacing in question is along the roadway, rather than laterally along the overhead sign support, so line 122 would read: "Sign spreading is a concept where overhead signs are spaced longitudinally to limit the amount of information"
A14: 26B-GMI-03 | B14: AHUA | D14: Jonathan Upchurch | E14: X | H14: 122 | I14: 122 | L14: (no comment provided)
A15: 26B-GMI-03 | B15: ITE | D15: Nathan Conard | F15: X | H15: 122 | I15: 123 | L15: At the end of the first sentence of paragraph 03, add ", reducing congnitive load and improving comprehension." to help clarify the benefits of sign spreading.
A16: 26B-GMI-03 | B16: ASCE | D16: Benjamin Colucci | F16: X | H16: 124 | I16: 125 | L16: Delete the word "particularly".
A17: 26B-GMI-03 | B17: ASCE | D17: Richard Ryabik | F17: X | H17: 125 | I17: 125 | L17: Consider inserting the following statement at the end of 125 "Information on sign spreading and other related topics are contained in FHWA " A User's Guide to Positive Guidance, third edition" is incorporated by reference in this Section.
A18: 26B-GMI-03 | B18: AASHTO | C18: Mississippi | D18: James Sullivan | F18: X | H18: 127 | I18: 128 | L18: Consider revising the first provision of the guidance statement in paragraph 04 for the reasons stated in the proposal's discussion. Why would it be necessary to perform sign spreading at all single-exit interchanges - even those that are not amid closely spaced interchanges?
A19: 26B-GMI-03 | B19: AASHTO | C19: Illinois | D19: Kristie Nyderek | F19: X | H19: 129 | I19: 130 | L19: What if no other overhead signs were planned? And the 1 mile sign for the next interchange should fall right there? How far will that sign need to be moved? Is more notice or sign spreading more important? Why not just keep the signs on the overhead to 3 and just leave it at that?
A20: 26B-GMI-03 | B20: AASHTO | C20: Idaho | D20: Ryan Lancaster | H20: 129 | I20: 137 | L20: This is a good proposed revision, however it seems to give undue emphasis to pull-through signs. I recommend removing the pull through signs from this guidance statement. The pull-through sign is not an "interchange guide sign" so the statement that "interchange guide signs should not be installed" doesn't preclude pull-through sign installation.
A21: 26B-GMI-03 | B21: AASHTO | C21: South Dakota | D21: Christina Bennett | F21: X | H21: 130 | I21: 131 | L21: Instead of an "unless" statement within a Guidance statement, add an Option statement for the exception.
A22: 26B-GMI-03 | B22: ITE | D22: Scott Kuznicki | F22: X | H22: 130 | I22: 131 | L22: The spacing of interchanges is certainly a criteria for placement of an Interchange Advance Guide Sign with an Exit Direction Sign. The number and arrangement of non-continuing lanes may also be a factor in determining whether additional guide signs are beneficial in locations where an Exit Direction Sign is installed. Consider revising to suggest that both spacing and downstream lane configurations are factors.
A23: 26B-GMI-03 | B23: ITE | D23: Roxane Mukai | F23: X | H23: 130 | I23: 131 | L23: What definition of "closely spaced" is being referenced? Section 2E.44 Closely-Spaced Interchanges points back to Section 2E.24 P02 (less than 800 feet between the theoretical gores…), should that reference be added here?
A24: 26B-GMI-03 | B24: ITE | D24: Stephen Lewis | F24: X | H24: 130 | I24: 131 | L24: Recommend clarifying that the exception allowing another interchange guide sign to share an assembly with an overhead Exit Direction sign applies when multiple-exit or closely spaced interchange conditions make separate installations impracticable or less effective. Suggested wording: “…unless an interchange has multiple exits or interchanges are closely spaced and separate sign installations are impracticable or would be less effective in providing positive guidance to road users.”
A25: 26B-GMI-03 | B25: ITE | D25: Stephen Lewis | H25: 131 | I25: 133 | L25: Following deletion of the Exit Direction sign location and mounting sentence, recommend adding a cross-reference directing users to the more detailed provisions in Section 2E.25. Recommended wording: “See Section 2E.25 for provisions regarding the location and mounting of Exit Direction signs.”
A26: 26B-GMI-03 | B26: AASHTO | C26: Idaho | D26: Ryan Lancaster | H26: 138 | I26: 141 | L26: As written, list item B doesn't take into account distance. If installing on the structure then the distance is what it is, but if installing on a separate sign structure, then the placement will be dependent on distance, finding a location suitable for an overhead sign structure, etc. independent of the overcrossing structure location.
A27: 26B-GMI-03 | B27: ASCE | D27: William Eidson | F27: X | H27: 141 | I27: 142 | J27: 2E-48 | L27: Remove north arrow from the exhibit
A28: 26B-GMI-03 | B28: ITE | D28: Nathan Conard | H28: 141 | I28: 142 | J28: 2E-48 | L28: Suggest adding text in the MUTCD to clarify when sign spreading results in the relocation of an overhead guide sign, the distance legend on the sign should be updated to reflect its new position relative to the referenced exit.
A29: 26B-GMI-03 | B29: ITE | D29: Amitai Lipton | H29: 141 | I29: 142 | J29: 2E-48 | L29: Either rotate the graphic so north is up, or rotate the north arrow to point up and revise the exit number suffixes and cardinal directions depicted on the guide signs accordingly.
A30: 26B-GMI-03 | B30: ITE | D30: Jeffrey Lawrence | F30: X | H30: 141 | I30: 142 | J30: 2E-48 | L30: Should consideration be given to providing an example of a signing combination that includes ramp advisory speed sign(s)? The figures seem to imply the policy applies to a limited arrangement of signs.
A31: 26B-GMI-03 | B31: ITE | D31: Kevin E. Chen | E31: X | L31: I like sign spreading and am 200% in favor of this.
A32: 26B-GMI-03 | B32: AASHTO | C32: Connecticut | D32: Gregory Palmer | E32: X
A33: 26B-GMI-03 | B33: AASHTO | C33: Delaware | D33: Peter Haag | E33: X
A34: 26B-GMI-03 | B34: AASHTO | C34: Georgia | D34: John Hibbard | E34: X
A35: 26B-GMI-03 | B35: AASHTO | C35: Indiana | D35: Dave Boruff | E35: X
A36: 26B-GMI-03 | B36: AASHTO | C36: Iowa | D36: Chris Poole | E36: X
A37: 26B-GMI-03 | B37: AASHTO | C37: Kentucky | D37: Jeff Wolfe | E37: X
A38: 26B-GMI-03 | B38: AASHTO | C38: Kentucky | D38: Logan Baker | E38: X
A39: 26B-GMI-03 | B39: AASHTO | C39: Kentucky | D39: Jon Whitaker | E39: X
A40: 26B-GMI-03 | B40: AASHTO | C40: Kentucky | D40: Jason Hyatt | E40: X
A41: 26B-GMI-03 | B41: AASHTO | C41: Louisiana | D41: Jody Colvin | E41: X
A42: 26B-GMI-03 | B42: AASHTO | C42: Maryland | D42: Stephen Hollie | E42: X
A43: 26B-GMI-03 | B43: AASHTO | C43: Massachusetts | D43: Jim Danila | E43: X
... A59: 26B-GMI-03 | B59: AASHTO | C59: DC | D59: Zhibo Zhang | E59: X
A60: 26B-GMI-03 | B60: AAR | D60: Tony Bellamy | E60: X
A61: 26B-GMI-03 | B61: AHUA | D61: Randy Dittberner | E61: X
A62: 26B-GMI-03 | B62: APBP | D62: Matt Johnson | E62: X
A63: 26B-GMI-03 | B63: APBP | D63: Jeremy Chrzan | E63: X
A64: 26B-GMI-03 | B64: APBP | D64: Bailey Waters | E64: X
A65: 26B-GMI-03 | B65: ARTBA | D65: Tim Lang | E65: X
A66: 26B-GMI-03 | B66: ASCE | D66: Tom Heydel | E66: X
A67: 26B-GMI-03 | B67: ASCE | D67: Bob Bryson | E67: X
A68: 26B-GMI-03 | B68: ATSSA | D68: Eric Perry | E68: X
A69: 26B-GMI-03 | B69: HFR | D69: Erin Kissner | E69: X
A70: 26B-GMI-03 | B70: IBTTA | D70: Shannon Bonilla | E70: X
A71: 26B-GMI-03 | B71: IMSA | D71: Robert Little | E71: X
... A96: 26B-GMI-03 | B96: NACE | D96: Lee Billingsley | E96: X
A102: Total Commentors: | E102: =COUNTIF(E5:E101,"X") -> 67 | F102: =COUNTIF(F5:F101,"X") -> 16 | G102: =COUNTIF(G5:G101,"X") -> 1
A103: Total Comments: | L103: =COUNTA(L5:L101) -> 25

Sheet 26B-PED-01
A1: A | B1: B | C1: C | D1: D | E1: E | F1: F | G1: G | H1: H | I1: I | J1: J | K1: K | L1: L | M1: M
H2: If Concur in Part, or Do Not Concur, please identify the line number(s), Table Number, or Figure Number and enter comment
A3: ID of Technical Committee Recommendation | B3: Name of Sponsoring Organization | C3: If from AASHTO, name of responding state | D3: Name of responding individual | E3: Fully Concur | F3: Concur in Part | G3: Do Not Concur | H3: Line Number start | I3: Line Number end | J3: Figure Number | K3: Table Number | L3: Comment | M3: TC / JTF Disposition of Comment
A6: 26B-PED-01 | B6: AASHTO | C6: Louisiana | D6: Jody Colvin | G6: X | H6: General
A7: 26B-PED-01 | B7: AASHTO | C7: South Dakota | D7: Christina Bennett | F7: X | H7: General | L7: The discussion is hard to follow in parts. Provide a better discussion summarizing the need/justification/support for the change.
A8: 26B-PED-01 | B8: AASHTO | C8: North Carolina | D8: Jennifer Portanova | F8: X | H8: General | L8: Do not have a problem with the language. If the pedestrian activity is such that a crosswalk is marked, then it should not have concern about placing Ped Heads. The bigger issue here is that if this were to go into the MUTCD as written, there will be some jurisdictions removing marked crosswalks so they do not have the expense of providng the Ped Heads. This has happened in the past to meet the requirements of law suits settled by some jurisdictions.
A9: 26B-PED-01 | B9: AASHTO | C9: North Carolina | D9: Jennifer Portanova | F9: X | H9: General | L9: In addition, there are some situations where the cost to provide the ped heads require reworking the entire approach to meet all the various ADA an d accessible signal requirements. There will be some instances where engineering judgment may show that placing the markings and ped heads are preferable even if you cannot meet all the ADA requirements. Thre have been locations in NC where installing accessible signals were over $250K per approach> I do not believe it is the intent to forse these very high cost projects on an agency and there needs to be reasonable judgment applied, intalling accessible signals in these situations does not appear to be a sound use of public funds when there are so many other needs. We installed many other Accessible signals at dozens of intersections for the cost of intalling this one.
A10: 26B-PED-01 | B10: AASHTO | C10: Ohio | D10: Jonathan Young | F10: X | H10: General | L10: Partially concur. Marked crosswalks at traffic signals are a SHOULD statement, which is a much higher bar than previous MUTCD versions. Marked crosswalks are required at non-intersection locations. I am concerned that some agencies may choose not to mark the crosswalk to avoid putting in the pedestrian signal heads. This could make the situation less safe as even having the markings at the intersection improves driver awareness that a pedestrian could be present.
A11: 26B-PED-01 | B11: AASHTO | C11: Idaho | D11: Ryan Lancaster | G11: X | H11: General | L11: General: I applaud an effort to shorten and simplify MUTCD content, but I have concerns about the objectives of this proposed change. The proposed change doesn't directly affect the accessiblity of a signalized intersection. It only affects the presence of pedestrian signal heads. The guidelines, not requirements, for using APS in Section 4K.01 remain unchanged.
A12: 26B-PED-01 | B12: AASHTO | C12: Wyoming | D12: Lee Roadifer | G12: X | H12: General | L12: Part 3 states that crosswalks should be marked at signalized intersections, allowing for engineering judgment when deciding whether to mark every approach. The recommended use of pedestrian signals at marked crosswalks and their required use where "needed" per the standard statement should remain. The presence or absence of a marked crosswalk is not the sole justification for providing pedestrian signal heads. Furthermore, the language proposed for deletion contains necessary guidance on where pedestrian signal heads are explicitly needed, regardless of markings.
A13: 26B-PED-01 | B13: AASHTO | C13: New Hampshire | D13: William Lambert | G13: X | H13: General
A14: 26B-PED-01 | B14: AASHTO | C14: Wyoming | D14: Christina Spindler | G14: X | H14: General | L14: I'm not arguing against this, per se, but you've just inadvertently lowered the number of ped heads I have to install. Our sideroad markings are installed by the locals, so many of them do not have markings. We continue to install ped heads where pedestrian facilities (ramps, sidewalks) exist, and omit them in rural applications. The discussion and this proposal seem to indicate a fuzzy PROWAG tie. If the merit of this action is PROWAG, lets get PROWAG in the conversation, as we've been doing for years. I think all agencies have been chasing what's good and right, and we'd like clear guidelines. This isn't clear. This reduces ped heads from a MUTCD interpretation standpoint. When a practiioner follows MUTCD, they should be following the standard of care for engineering practice. I don't know that this change encourages that. Leave it as guidance.
A15: 26B-PED-01 | B15: APBP | D15: Matt Johnson | F15: X | H15: General | L15: I am concerned that the result of this proposal will be agencies that remove marked crosswalks rather than incur the cost of installing pedestrian signal heads. I would prefer language be added to prohibit removal of pre-existing marked crosswalks *solely* based on the cost of the signal heads.
A16: 26B-PED-01 | B16: ASCE | D16: William Eidson | G16: X | H16: General | L16: Generally supportive of the concept here, but I am always concerned about the unintended consequences of changing from a Should to a Shall statement. While I would hope that all agencies follow the guidance, I can understand the desire to make this mandatory to try to ensure maximum coverage. But I just can't concur with this change without a broad understanding of where and why pedestrian signals are currently not in use. I think it would be a mistake to pursue this change without a survey/interview of agencies that aren't currently doing this.
A17: 26B-PED-01 | B17: ITE | D17: Roxane Mukai | F17: X | H17: General | L17: Understanding the application of PROWAG but given that only 0.21% of US population are classified as blind (including elder care in facilities - per CDC data from 2025), a blanket standard would require placement of accomodation devices in places where they could never be needed/utilized. Considerations to temper blanket standard might include whether or not there is an accessible pathway to the crosswalk (consider for example user activated signals at horse trails, hiking/biking trail or similar crossings, part time signal installations, etc)
A18: 26B-PED-01 | B18: ITE | D18: Neal Hawkins | F18: X | H18: General | L18: Confirm that eliminating the existing conditions in Section 4D.02 does not unintentionally remove pedestrian signal head requirements at legally permitted but unmarked crossings, particularly where signal phasing or other conditions could create pedestrian conflicts.
A19: 26B-PED-01 | B19: ITE | D19: Stephen Lewis | G19: X | H19: General | L19: The proposal overstates the nexus between current accessibility law and mandatory pedestrian signal heads, leaves significant application questions unanswered, and does not establish that the benefits of applying the rule to every short crossing and every signal-controlled separated turning roadway justify the resulting capital and lifecycle costs. Needed changes include: clarify legal rationale, distinguish pedestrian heads from APS, define treatment of separated turning roadways, permit narrowly documented exceptions for short and uncomplicated crossings, address temporary traffic control, and establish a practical implementation framework supported by a fiscal-impact assessment.
A20: 26B-PED-01 | B20: AHUA | D20: Jonathan Upchurch | G20: X | H20: 23 | I20: 23 | L20: By definition, "Traffic control signals include vehicular signal indications, pedestrian signal indications, and bicycle symbol signal indications." Suggest inserting the word "vehicular" before "traffic control signals"
A21: 26B-PED-01 | B21: AHUA | D21: Jonathan Upchurch | H21: 30 | I21: 30 | L21: By definition, "Traffic control signals include vehicular signal indications, pedestrian signal indications, and bicycle symbol signal indications." Suggest inserting the word "vehicular" before "traffic control signals"
A22: 26B-PED-01 | B22: AHUA | D22: Jonathan Upchurch | H22: 38 | I22: 38 | L22: Some wordsmithing can improve the clarity. Suggest revising line 38 to read, "as the MUTCD had not required their use. Funding and budget have been prior concerns related to requiring"
A23: 26B-PED-01 | B23: AASHTO | C23: Maryland | D23: Ben Myrick | G23: X | H23: 43 | I23: 50 | L23: If a marked crosswalk triggers peds signals no matter what, people may stop marking some crosswalks to avoid the costs.
A24: 26B-PED-01 | B24: AHUA | D24: Jonathan Upchurch | H24: 47 | I24: 47 | L24: The word "pedestrian" should be plural.
A25: 26B-PED-01 | B25: ITE | D25: Ahmed Aburahmah | F25: X | H25: 47 | I25: 50 | L25: Suggest rewording this paragraph from its current state to "Pairing the decision to mark a crosswalk at a signalized intersection with the provision of pedestrian signal heads offers consistent and uniform guidance to practitioners promoting safety…..."
A26: 26B-PED-01 | B26: AHUA | D26: Jonathan Upchurch | H26: 70 | I26: 70 | L26: By definition, "Traffic control signals include vehicular signal indications, pedestrian signal indications, and bicycle symbol signal indications." Suggest inserting the word "vehicular" before "traffic control signals"
A27: 26B-PED-01 | B27: AASHTO | C27: Idaho | D27: Ryan Lancaster | H27: 70 | I27: 75 | L27: This paragraph in the discussion will sour the proposed change to many agencies. Agencies already have regulations they must comply with and are not inclined to voluntarily add more.
A28: 26B-PED-01 | B28: AASHTO | C28: Maryland | D28: Ben Myrick | H28: 70 | I28: 75 | L28: This is an unfunded mandate. Where crossings are extrememly short, it is also likely there are space issues for ADA compliant crossing. ADA crossings also require more maintenance. The mandate is also likely to divert funds from adding new crosings where they are needed. A long unmarked crossing is likely to be more dangerous than a very short marked crossing. The reason short crossings are not always signalsized is that the funds have more impact elsewhere.
A29: 26B-PED-01 | B29: AHUA | D29: Jonathan Upchurch | H29: 78 | I29: 78 | L29: By definition, "Traffic control signals include vehicular signal indications, pedestrian signal indications, and bicycle symbol signal indications." Suggest inserting the word "vehicular" before "traffic control signals"
A30: 26B-PED-01 | B30: AASHTO | C30: Utah | D30: David Bezzant | F30: X | H30: 115 | I30: 129 | L30: We support clear and accessible pedestrian control at signalized crossings. Explain why the marked-crosswalk condition should become a nationwide Standard and how replacing the existing mandatory conditions preserves protection at lawful unmarked crossings. Retain, or otherwise address, the existing pedestrian-volume, school-crossing, exclusive-phase/LPI, and confusing-operation conditions where they would require pedestrian signal heads independently of crosswalk markings. Clarify that deciding whether to mark a crosswalk and determining appropriate pedestrian control remain related but distinct decisions. Carry the implementation explanation in the discussion into the recommended provisions or supporting text. Clearly distinguish application to new and reconstructed facilities from the process for bringing existing installations into compliance when no specific compliance date is established. Explain application to temporary traffic control signals and staged pedestrian crossings while preserving accessible pedestrian routes and appropriate control.
A31: 26B-PED-01 | B31: AHUA | D31: Jonathan Upchurch | H31: 116 | I31: 116 | L31: This comment comes from the perspective of the 26B-EDT-01 TCD Characteristics and Actions proposal that is also being considered by Council. The jist of this sentence is to state under what circumstances pedestrian signal heads shall be selected for use. In other words, the sentence deals with the engineer's decision to use, or not use, a pedestrian signal head. "Installing" the pedestrian signal heads is a field implementation. Therefore, I suggest that the sentence begin, "Pedestrian signal heads shall be used at each marked crosswalk...."
A32: 26B-PED-01 | B32: AHUA | D32: Jonathan Upchurch | H32: 116 | I32: 117 | L32: Suggest adding the words "at a location" before the word "controlled". By doing so, the new Standard statement would mirror the deleted Guidance statement. Add these words also brings more clarity.
A33: 26B-PED-01 | B33: AHUA | D33: Jonathan Upchurch | H33: 116 | I33: 117 | L33: By definition, "Traffic control signals include vehicular signal indications, pedestrian signal indications, and bicycle symbol signal indications." I think the intent of this proposal is to apply to traffic control signals that are vehicular signal indications. Suggest revising to read, "at each marked crosswalk (see Section 3C.02) at a location controlled by a vehicular traffic control signal." In addition, I'm not sure that a crosswalk is "controlled" by a vehicluar traffic control signal. Certainly, the crosswalk is no longer "controlled" by the vehicular traffic control signal after the pedestrian signal is installed.
A34: 26B-PED-01 | B34: AHUA | D34: Jonathan Upchurch | H34: 116 | I34: 117 | L34: Combining my four preceding comments for lines 116 and 117, the sentence would read, ""Pedestrian signal heads shall be used at each marked crosswalk (see Section 3C.02) at a location controlled by a vehicular traffic control signal."
A35: 26B-PED-01 | B35: AASHTO | C35: Massachusetts | D35: Jim Danila | G35: X | H35: 116 | I35: 117 | L35: Since this already exists as guidance, deference should be given to the practicioner's Engineering Judgment on whether a pedestrian signal head is required in each and every condition.
A36: 26B-PED-01 | B36: AASHTO | C36: Kentucky | D36: Logan Baker | F36: X | H36: 116 | I36: 117 | L36: I think this sentence is problematic. The definition of "traffic control signal" includes pedestrian indications. So we're saying to install ped heads at crosswalks controlled by ped indications. I understand the intent, but it seems like it’s a circular error with using "traffic control signal." Maybe the fix is to say "vehicular traffic control signal."
A37: 26B-PED-01 | B37: AASHTO | C37: Kentucky | D37: Jason Hyatt | F37: X | H37: 116 | I37: 117 | L37: Since the MUTCD definition of a "traffic control signal" specifically says they "include vehicular signal indications, pedestrian signal indications, and bicycle symbol signal indications," the statement, as written, seems a little bit circulatory. My proposed wording would be to make it more about including ped heads as part of the traffic signal and to use "indications" instead of "heads." My proposed language: "At marked crosswalks (see Section 3C.02) controlled by a traffic control signal, the traffic control signal shall include pedestrian signal indications (see Section 1B.03)."
A38: 26B-PED-01 | B38: AASHTO | C38: Missouri | D38: Jonathan Nelson | F38: X | H38: 116 | I38: 117 | L38: Standardization is good, but tying pedestrian signal heads to marked crosswalks at traffic control signals may cause issues. Increase in cost could lead to delayed pedestrian improvements. States could decide to provide fewer sidewalks and crosswalks as well.
A39: 26B-PED-01 | B39: ITE | D39: Pete Yauch | F39: X | H39: 116 | I39: 117 | L39: Is this intended to mean each crosswalk in which vehicular traffic across the crosswalk is controlled by a traffic signal? My specific example would be a marked crosswalk across a yield sign controlled right turn lane with a triangular channlizing island, where the pedestrian signals to cross the through movements would be located on the island (see Figure 3B-13 D, the westbound right turn as an example). Would this require the right turn yield operation to be replaced by signal control with pedestrian signals to cross the right turn lane?
A40: 26B-PED-01 | B40: IBTTA | D40: Shannon Bonilla | F40: X | H40: 116 | I40: 117 | L40: Verify that the use of the word "installed" matches the Edit Committee proposal.
A41: 26B-PED-01 | B41: NACTO | D41: Cary Bearn | E41: X | H41: 116 | I41: 117 | L41: How are “marked crosswalks” defined. Is a crossing that includes multiple segments of crosswalk (e.g. on either side of a ped island) considered multiple marked crosswalks? If so, the the proposal needs to clarify that only one ped head is required per crossing not per crosswalk. EG, something like: At intersections with vehicular traffic control signals and marked crosswalks, ped heads shall be installed for each pedestrian crossing.
A42: 26B-PED-01 | B42: NACE | D42: Joe Gustafson | F42: X | H42: 116 | I42: 117 | L42: Although uncommon, this new language should provide an exemption for historic signal infrastructure, provided they are two-phase signals. This exemption should also be considered for other low-speed two-phase signals in historic districts even when the signal hardware itself is not historic.
A43: 26B-PED-01 | B43: APBP | D43: Jeremy Chrzan | F43: X | H43: 116 | I43: 126 | L43: I agree with strengthening the need to provide pedestrian signal heads, but do not believe this proposal gets us there. The proposal links the requirement to provide a pedestrian signal to only locations that have a marked crosswalk, which means that some agencies will choose not to install marked crosswalks despite the presence of a legal crossing location and despite the safety benefits of a marked crosswalk. Some of the various conditions included in the existing MUTCD should still be presented as factors to consider rather than only linking the need for ped signals to one factor. For example, if it’s a school crossing, then it should have a crosswalk and a signal. If the ped warrant was met, then it should have a crosswalk and a ped signal. An agency shouldn’t be allowed to avoid installing the crosswalk in these conditions and therefore be allowed to avoid installing the ped signal.
A44: 26B-PED-01 | B44: APBP | D44: Jeremy Chrzan | H44: 116 | I44: 126 | L44: This states "each" marked crosswalk, so this can be interpreted to mean that a crossing to a center median refuge island would need its own separate pedestrian signal head, and a crosswalk crossing a narrow separated bike lane would require its own separate pedestrian signal head. The definition of a crosswalk in the MUTCD is that it's any portion of a roadway at an intersection or elsewhere distinctly indicated as a pedestrian crossing by pavement marking lines on the surface. As such, the refuge islands are not part of the crosswalk and each portion of the crossing is a separate crosswalk.
A45: 26B-PED-01 | B45: APBP | D45: Jeremy Chrzan | H45: 116 | I45: 126 | L45: As worded it reads that the marked crosswalk is controlled by a traffic control signal rather than that the intersection or mid-block location itself is controlled by a traffic control signal. The text should be more aligned with the current MUTCD wording which ties it to whether the motor vehicles are controlled by a signal.
A46: 26B-PED-01 | B46: APBP | D46: Bailey Waters | F46: X | H46: 116 | I46: 126 | L46: I do have concern that some agencies may choose not to mark crosswalks at signals when they do not want to install a pedestrian signal head. Is there a way to re-word the proposal to continue to require a pedestrian signal head at the various conditions in the existing MUTCD?
A47: 26B-PED-01 | B47: AASHTO | C47: Idaho | D47: Ryan Lancaster | H47: 116 | I47: 126 | L47: The list of conditions in Section 4D.02 Par. 2 is already fairly comprehensive and "D" in the list is a 'catch all' that indicates that pedestrian signal heads can be used any time. Many agencies install pedestrian signal heads at new signals and it's impractical to expect old signals to be retrofitted.
A48: 26B-PED-01 | B48: AASHTO | C48: Maryland | D48: Ben Myrick | H48: 116 | I48: 129 | L48: See the comments above.
A49: 26B-PED-01 | B49: AASHTO | C49: Pennsylvania | D49: Steve Gault | G49: X | H49: 116 | I49: 129 | L49: The determination whether pedestrian signals should be provided is better left to engineering judgment based on site-specific considerations. Elevating it to a standard effectively eliminates engineering judgment and will result in significant cost to agencies without the ability to balance the needs with costs.
A50: 26B-PED-01 | B50: AHUA | D50: Jonathan Upchurch | H50: 117 | I50: 117 | L50: Why is there a reference to Section 1B.03? I don't think it belongs here. If the intent is to tell the reader that this new Standard only applies to new or reconstructed facilities, that should be stated explicitly in a Support statement.
A51: 26B-PED-01 | B51: ASCE | D51: William Eidson | H51: 117 | I51: 117 | L51: Proposed language references Section 1B.03, which is Compliance of Devices. I'm not certain that is applicable. Perhaps this should be 1C.02, Definitions? Or something else?
A52: 26B-PED-01 | B52: IBTTA | D52: Shannon Bonilla | H52: 119 | I52: 120 | L52: The Edit Committee proposal recommends changing this sentence, while this proposal recommends deleting it. Suggest coordinating before submitting both to FHWA.
A53: 26B-PED-01 | B53: AASHTO | C53: DC | D53: Zhibo Zhang | F53: X | H53: 130 | I53: 132 | L53: DDOT recommends modifying P04 of Section 4D.02 to be consistent with Section 4I.06, where the existing text provides a standard statement to provide an adequate pedestrian change interval that shall not be less than the calculated pedestrian clearance time where pedestrian signal heads are used.
A54: 26B-PED-01 | B54: APBP | D54: Matt Johnson | H54: 130 | I54: 141 | L54: (Comment deleted as it deals with proposal formatting and includes a recommendation that violates the current proposal guidelines.)
A55: 26B-PED-01 | B55: ITE | D55: Michael Cynecki | E55: X | L55: Finally!! Thank goodness.
A56: 26B-PED-01 | B56: ITE | D56: Sam Leckrone | E56: X | L56: I agree in principle, but we must recognize that it will take some time for this new Standard statement to be fully implemented given the limited resources that some agencies have.
A57: 26B-PED-01 | B57: ITE | D57: Scott Wainwright | E57: X | L57: While I have concerns about cost impacts for short crosswalks, I do understand and agree that APS needs must take precedence.
A58: 26B-PED-01 | B58: AASHTO | C58: Illinois | D58: Kristie Nyderek | E58: X | L58: No comments
A59: 26B-PED-01 | B59: AASHTO | C59: Connecticut | D59: Gregory Palmer | E59: X
A60: 26B-PED-01 | B60: AASHTO | C60: Delaware | D60: Peter Haag | E60: X
A61: 26B-PED-01 | B61: AASHTO | C61: Georgia | D61: John Hibbard | E61: X
A62: 26B-PED-01 | B62: AASHTO | C62: Indiana | D62: Dave Boruff | E62: X
A63: 26B-PED-01 | B63: AASHTO | C63: Iowa | D63: Chris Poole | E63: X
A64: 26B-PED-01 | B64: AASHTO | C64: Kentucky | D64: Jeff Wolfe | E64: X
A65: 26B-PED-01 | B65: AASHTO | C65: Kentucky | D65: Jon Whitaker | E65: X
A66: 26B-PED-01 | B66: AASHTO | C66: Michigan | D66: Garrett Dawe | E66: X
A67: 26B-PED-01 | B67: AASHTO | C67: Minnesota | D67: Brian Sorenson | E67: X
A68: 26B-PED-01 | B68: AASHTO | C68: Mississippi | D68: James Sullivan | E68: X
A69: 26B-PED-01 | B69: AASHTO | C69: Nevada | D69: Samuel Ahiamadi | E69: X
A70: 26B-PED-01 | B70: AASHTO | C70: Oregon | D70: Scott Cramer | E70: X
... A75: 26B-PED-01 | B75: AASHTO | C75: Wisconsin | D75: Chris Squires | E75: X
A76: 26B-PED-01 | B76: AAR | D76: Tony Bellamy | E76: X
A77: 26B-PED-01 | B77: AHUA | D77: Randy Dittberner | E77: X
A78: 26B-PED-01 | B78: ARTBA | D78: Tim Lang | E78: X
A79: 26B-PED-01 | B79: ASCE | D79: Tom Heydel | E79: X
A80: 26B-PED-01 | B80: ASCE | D80: Bob Bryson | E80: X
A81: 26B-PED-01 | B81: ASCE | D81: Richard Ryabik | E81: X
A82: 26B-PED-01 | B82: ASCE | D82: Benjamin Colucci | E82: X
A83: 26B-PED-01 | B83: ASCE | D83: Cong Chen | E83: X
A84: 26B-PED-01 | B84: ASCE | D84: Rebecca Bian | E84: X
A85: 26B-PED-01 | B85: ASCE | D85: Bhavya Sontineni | E85: X
A86: 26B-PED-01 | B86: ATSSA | D86: Eric Perry | E86: X
A87: 26B-PED-01 | B87: HFR | D87: Erin Kissner | E87: X
... A116: 26B-PED-01 | B116: NACTO | D116: Garry Ford | E116: X
A152: Total Commentors: | E152: =COUNTIF(E5:E151,"X") -> 63 | F152: =COUNTIF(F5:F151,"X") -> 18 | G152: =COUNTIF(G5:G151,"X") -> 11
A153: Total Comments: | L153: =COUNTA(L5:L151) -> 51

Sheet 26B-PED-02
A1: A | B1: B | C1: C | D1: D | E1: E | F1: F | G1: G | H1: H | I1: I | J1: J | K1: K | L1: L | M1: M
H2: If Concur in Part, or Do Not Concur, please identify the line number(s), Table Number, or Figure Number and enter comment
A3: ID of Technical Committee Recommendation | B3: Name of Sponsoring Organization | C3: If from AASHTO, name of responding state | D3: Name of responding individual | E3: Fully Concur | F3: Concur in Part | G3: Do Not Concur | H3: Line Number start | I3: Line Number end | J3: Figure Number | K3: Table Number | L3: Comment | M3: TC / JTF Disposition of Comment
A6: 26B-PED-02 | B6: AASHTO | C6: Idaho | D6: Ryan Lancaster | F6: X | H6: General | L6: General: I applaud the approach to bring some consistency to island terms. I would have preferred to see island terms addressed all at once throughout the Manual, but can appreciate this approach.
A7: 26B-PED-02 | B7: AASHTO | C7: Wyoming | D7: Lee Roadifer | F7: X | H7: General | L7: Overall, agree with the concept of putting the various island topics together.
A8: 26B-PED-02 | B8: AASHTO | C8: Illinois | D8: Kristie Nyderek | F8: X | H8: General | L8: Does definition 36 - Channelizing line need to reduced to "channelizing". And then it could be other things than just striping. For a word that is used a lot in the manual, it isn't defined.
A9: 26B-PED-02 | B9: AHUA | D9: Randy Dittberner | F9: X | H9: General | L9: This is a very good proposal, and consolidating the types of islands is beneficial. But should these terms also be listed alphabetically in the MUTCD's long list of definitions with a cross reference to the nested definitions listed under "Island"? Some terms (such as splitter island and toll island) are proposed to have such a cross reference. It would probably be helpful to include a similar cross reference for others as well.
A10: 26B-PED-02 | B10: AHUA | D10: Randy Dittberner | H10: General | L10: The relationship between "median" and "median island" is not perfectly clear. A median is considered an island when it is "in the vicinity of an intersection," according to lines 164-165, although "vicinity" is somewhat vague. But aren't almost all medians also median islands? To be an island requires only that an area between traffic lanes be "raised and/or marked." Even if medians aren't raised, almost all have markings at least along the edges, which makes them islands. I can think of a small handful of roads with an unraised area between the travel directions that's also unmarked. These are "medians" but not "median islands" according to this proposal. Do we really need to differentiate "median" and "median island" or can we just use one term or the other? The definition of "median" is specific, which is helpful to quantify exactly where the median starts and ends transversely. As proposed, a TWLTL meets the definition of "median island" because it is "a marked area between traffic lanes to direct vehicular movements" and it "separates opposing directions of travel." But a TWLTL is not a median, because the definition of "median" excludes turn lanes. If there is any way we could eliminate "median island" as a defined term and just use "median" in the MUTCD text instead, I think it would be much clearer for users.
A11: 26B-PED-02 | B11: ITE | D11: Amitai Lipton | F11: X | H11: General | L11: I agree with this proposal, and offer some comments to help increase the clarity of the proposed language.
A12: 26B-PED-02 | B12: ITE | D12: Jeffrey Lawrence | G12: X | H12: General | L12: The proposal is a change that is too significant for a revision. Revisions should be corrections and minor changes. Take the time to thoroughly develop this proposal and incorporate into the next edition.
A13: 26B-PED-02 | B13: ITE | D13: Sam Leckrone | F13: X | H13: General | L13: I agree in principle with the definitions of the types of islands. We must be careful, however, with the difference between raised islands vs. those so-called "islands" that are only delineated with pavement markings, as they are not substantial enough to serve as a refuge for pedestrians, or whether or not a right-turn movement is yield-controlled at a signalized intersection, etc. As an example, consider the difference between a raised median vs. a "flush median" on a roadway and state laws for stopping for school buses. In many states, you don't have to stop for a stopped school bus that is on the other side of a raised median, but you do have to stop if it's a flush median. I like the definitions as they pertain to raised islands, but be careful as a painted "island" may be no island at all.
A14: 26B-PED-02 | B14: ITE | D14: Scott Wainwright | G14: X | H14: General | L14: While I concur with the proposed changes, I cannot support the proposal as written because it is incomplete. It does not include all changes needed in the text throughout the MUTCD to implement the new/revised definitions. For one example, the term "Divisional Island" is stated in the Discussion portion of the proposal as being deleted, but none of the actual text deletions/replacements are included in the proposed text changes. All the changes listed in lines 117 to 137 need to be shown where they appear in the proposed MUTCD text.
A15: 26B-PED-02 | B15: NACTO | D15: Cary Bearn | F15: X | H15: General | L15: To clarify and reduce confusion, exclude bike lane separation, floating bus islands, bus lane separation, and centerline hardening from the definition of island. This is important to allow for differences in the way each of these is marked and signed.
A16: 26B-PED-02 | B16: NACTO | D16: Anthony Buczek | F16: X | H16: General | L16: Given the logical addition of the option to post-mount R3-5, should the standard specifying overhead mounting, which is often infeasible, be changed to guidance?
A17: 26B-PED-02 | B17: AASHTO | C17: Illinois | D17: Kristie Nyderek | H17: 24 | I17: 24 | L17: Change "115" to "116".
A18: 26B-PED-02 | B18: AASHTO | C18: Mississippi | D18: James Sullivan | F18: X | H18: 27 | I18: 137 | L18: Consider adding to the Discussion how changes to the MUTCD with regard to these terms square with how they're defined in other industry publications such as the AASHTO Green Book and Highway Safety Manual.
A19: 26B-PED-02 | B19: AASHTO | C19: New Hampshire | D19: William Lambert | F19: X | H19: 27 | I19: 137 | L19: The discussion is cumbersome and may not clearly describe the intent and reasoning for the changes.
A20: 26B-PED-02 | B20: ITE | D20: Stephen Lewis | F20: X | H20: 39 | I20: 39 | L20: Line 39 refers to “244 uses” of the term island, while lines 28 and 46 identify 224 references, and the Part-by-Part counts in lines 48–57 also total 224.
A21: 26B-PED-02 | B21: AASHTO | C21: Illinois | D21: Kristie Nyderek | H21: 43 | I21: 43 | L21: "…MUTCD had a Part 4 or 5 devoted to…" Is "or" the correct word? Should it be "and"?
A22: 26B-PED-02 | B22: AASHTO | C22: Illinois | D22: Kristie Nyderek | H22: 44 | I22: 44 | L22: The 2000 MUTCD stopped considering an island a traffic control device. Should this be reconsidered? With Target speeds and designing to slow down traffic, island is one of the way to do that. And that seems to be a traffic control device.
A23: 26B-PED-02 | B23: ITE | D23: Eagan L. Foster | F23: X | H23: 46 | I23: 46 | L23: Clarify that the quoted occurences of "island" cited in the MUTCD are related to the 11th Edition (2023) of the MUTCD. The reference to the MUTCD earlier in the paragraph is to the 2000 MUTCD. Please clarify the correct edtion of the MUTCD tabulated.
A24: 26B-PED-02 | B24: AASHTO | C24: Illinois | D24: Kristie Nyderek | H24: 63 | I24: 63 | L24: The term "median island" I don't like. I have always explained to maintainers that a median splits opposing traffic flow and islands splits traffic flowing in the same direction. Allowing island to be used for both actually seems confusing to me. I feel that median and island should be separate and then add what they are doing/how they are constructed as more important. Add definitions such as "raised", "striped", " pedestrian refuge", etc. We should figure out a completely different term for the center of a roundabout (maybe "oasis") Then combine those words with median or island, depending on their location.
A25: 26B-PED-02 | B25: ITE | D25: Ronnie Bell | F25: X | H25: 120 | I25: 120 | L25: If this sentence means that "divisional island" will be changed to "median island", it does not appear that this will work for the "divisional island" addressed in MUTCD Section 2B.28 paragraph 11 as that appears to refer to an island between the added median turn lane and the adjacent through lanes. Since the proposed definition of median island is "an island separating opposing directions of travel", it seems a "divisional island" in this application would be a "channelizing island" rather than a "median island". While not a direct impact to this proposal, this needs to be considered when the specific uses of the various island types are addressed in a later proposal.
A26: 26B-PED-02 | B26: ITE | D26: Roxane Mukai | F26: X | H26: 120 | I26: 122 | L26: Where are the edits to address the proposed eliminations? Are they being processed seperately by the affected TCs?
A27: 26B-PED-02 | B27: AHUA | D27: Jonathan Upchurch | F27: X | H27: 122 | I27: 122 | L27: I'm confused by the words "Eliminate all but eight uses…." Should the word "but" be removed, so that it reads, "Eliminate all eight uses…."?
A28: 26B-PED-02 | B28: AASHTO | C28: Illinois | D28: Kristie Nyderek | H28: 161 | I28: 161 | L28: Change "115" to "116".
A29: 26B-PED-02 | B29: AASHTO | C29: Illinois | D29: Kristie Nyderek | H29: 161 | I29: 161 | L29: What does "marked" mean? Pavement marking? Tubular markers? Etc.
A30: 26B-PED-02 | B30: AASHTO | C30: Wyoming | D30: Lee Roadifer | H30: 161 | I30: 161 | L30: The change of "defined" to "raised and/or marked" is not an improvement. Islands can also be depressed or created with various channelizing devices.
A31: 26B-PED-02 | B31: ITE | D31: Amitai Lipton | H31: 161 | I31: 163 | L31: Consolidate discussion of raised and marked within the main paragraph: "115. Island—an area between traffic lanes that is placed to direct vehicular movements, to enhance a pedestrian and/or bicyclist crossing, or for toll collection. It includes all end protection and approach treatments. An island can be raised, marked, or both. A raised island is physically ..."
A32: 26B-PED-02 | B32: ITE | D32: Amitai Lipton | H32: 161 | I32: 163 | L32: Recommend that the "uses" be removed as it is not an all inclusive list and the change between "to" and "for" appear to imply that "toll collection" and "Ped/Bike crossing enhancement" might be the only allowed uses for an island. Consider uses of island comparable to "toll collection" could include "security" or "gate" locations and spaces in the roadway directing traffic around spaces left for queuing or equipment and more. "Island - a raised and/or marked area between traffic lanes to direct vehicular movements." would be succinct and clear.
A33: 26B-PED-02 | B33: AASHTO | C33: Idaho | D33: Ryan Lancaster | H33: 161 | I33: 165 | L33: - Avoid two instances of "and/or" (A/B). Technical writing style guides say to avoid "and/or" and to rephrase or to use the construct "…A, B, or A and B." And even though there are instances of "and/or" in the MUTCD, it doesn't mean that the practice should be perpetuated. - In line 163, the term "end protection" is vague and should be restated or deleted. "End protection" may be a carry over from guardrail terminals and if so, guardrail the ends aren't "protected," rather users are protected from the ends. So again, the term should either be deleted or rephrased to imply that the users are protected from the "end" and not the "end" itself. - Also on line 163 the word "all" should be deleted. "All" adds no meaning in the sentence and is normally avoided in technical writing. - A sentence is added to define "raised island." If adding a definition for "raised island," then a definition should also be added for "marked island." - Unclear what is meant by "outer separation."
A34: 26B-PED-02 | B34: AASHTO | C34: South Dakota | D34: Jon Suomala | F34: X | H34: 163 | I34: 164 | L34: Change "physically above" to "at a higher elevation than" as "physically above" would seem to mean directly above, like the second floor of a building is physically above the first floor.
A35: 26B-PED-02 | B35: AASHTO | C35: Kentucky | D35: Logan Baker | F35: X | H35: 163 | L35: Should be "crossings" I believe.
A36: 26B-PED-02 | B36: LAB | D36: Rock Miller | F36: X | H36: 163 | L36: seems like "raised island" should be (a) to flow better.
A37: 26B-PED-02 | B37: AHUA | D37: Jonathan Upchurch | H37: 165 | I37: 165 | L37: What is an "outer separation"?
A38: 26B-PED-02 | B38: ASCE | D38: Richard Ryabik | F38: X | H38: 165 | I38: 165 | L38: "a median or an outer separtion is considered to be an island" is a confusing word salad here and should be removed. Median is covered in line 184 definition #136
A39: 26B-PED-02 | B39: AASHTO | C39: Idaho | D39: Ryan Lancaster | H39: 166 | I39: 167 | L39: Should include "circular intersection" in the definition. The MUTCD uses "roundabout" and "circular intersection" somewhat interchangeably and often together.
A40: 26B-PED-02 | B40: AASHTO | C40: Illinois | D40: Kristie Nyderek | H40: 166 | I40: 179 | L40: The term "median island" I don't like. I have always explained to maintainers that a median splits opposing traffic flow and islands splits traffic flowing in the same direction. Allowing island to be used for both actually seems confusing to me. I feel that median and island should be separate and then add what they are doing/how they are constructed as more important. Add definitions such as "raised", "striped", " pedestrian refuge", etc. We should figure out a completely different term for the center of a roundabout (maybe "oasis") Then combine those words with median or island, depending on their location.
A41: 26B-PED-02 | B41: ASCE | D41: Rebecca Bian | F41: X | H41: 166 | I41: 183 | L41: It would be better to add some visual aids (like images or drawings) to better explain the added definitions.
A42: 26B-PED-02 | B42: APBP | D42: Bailey Waters | F42: X | H42: 168 | I42: 169 | L42: I think it would be more clear to state it this way. "... traffic on both sides is from the same general direction". The way it is written makes it confusing because each side is just traveling in one direction, but those directions could be opposite directions in the current wording. The words proposed here match the referrenced sections of 3H.04 and 3H.05.
A43: 26B-PED-02 | B43: AASHTO | C43: Maryland | D43: Achyut Neupane | F43: X | H43: 168 | I43: 169 | L43: Not easy to understand.
A44: 26B-PED-02 | B44: ITE | D44: Nathan Conard | F44: X | H44: 168 | I44: 169 | L44: Suggest changing the definition of channelizing island to "An island used to direct traffic into specific lanes or movements located on an approach where traffic on both sides travels in the same direction."
A45: 26B-PED-02 | B45: ITE | D45: Ronnie Bell | H45: 168 | I45: 169 | L45: Possible editorial change to definition of "channelizing island" - replace "one approach direction" to "the same approach direction". (Proposed to clarify that the approaching traffic is all moving in the same (general) direction. This distinguishes a channelizing island from a median island where traffic on each side (both sides?) of the island is from one approach direction, but it is not all from the same approach direction.)
A46: 26B-PED-02 | B46: ITE | D46: Stephen Lewis | H46: 168 | I46: 169 | L46: The proposed definition of "Channelizing Island" may be unnecessarily restrictive. The description "where the traffic on both sides is from one approach direction" does not clearly encompass all channelizing island applications, including some free-right-turn islands, interchange ramp terminals, and complex intersection channelization. A function-based definition may provide greater long-term flexibility and consistency. Suggest revising to:"Channelizing Island – an island used to separate, direct, or control vehicular movements."
A47: 26B-PED-02 | B47: ITE | D47: Michael Cynecki | F47: X | H47: 168 | L47: For clarification, change "one" to "the same"
A48: 26B-PED-02 | B48: ASCE | D48: Bhavya Sontineni | F48: X | H48: 174 | I48: 175 | L48: (c) Crossing Island – a channelizing or median island including a crosswalk and/or bicycle crossing that enhances the crossing location identification by vehicle drivers. The phrase "that enhances the crossing location identification by vehicle drivers" does not appear necessary to define a Crossing Island. Improving driver recognition of a crossing location may be a potential benefit, but it is not an essential characteristic of the island. The definition would be clearer if it focused on the island's purpose of accommodating a pedestrian or bicycle crossing. Consider removing this phrase.
A49: 26B-PED-02 | B49: APBP | D49: Jeremy Chrzan | F49: X | H49: 174 | I49: 175 | L49: Crosswalks may be marked or unmarked, so the idea that it enhances the location for a driver is inaccurate. Additionally, the crossing island itself does not include a crosswalk, but rather the crossing island is located between crosswalks. "Crossing Island – a channelizing or median island including located between a crosswalks and/or bicycle crossings that enhances the crossing location identification by vehicle drivers which may or may not serve as a refuge for crossing users."
A50: 26B-PED-02 | B50: AASHTO | C50: South Dakota | D50: Christina Bennett | F50: X | H50: 174 | I50: 175 | L50: This is not well defined. The sentence could end after "identification".
A51: 26B-PED-02 | B51: AASHTO | C51: Virginia | D51: Mark Cole | F51: X | H51: 174 | I51: 175 | L51: VDOT does not agree with the proposed definition of “Crossing Island” because, as currently written, it suggests that enhancing driver identification of the crossing location is the only defining feature or primary function of the island. Additionally, the term “Crossing Island” does not appear to be otherwise used in the MUTCD.
A52: 26B-PED-02 | B52: ITE | D52: Stephen Lewis | H52: 174 | I52: 175 | L52: The introduction of the new term "Crossing Island" may add an additional classification layer that is not currently well established in MUTCD practice. The proposal does not fully demonstrate a need for this new term separate from existing pedestrian refuge island, median island, or channelizing island terminology. Consider deleting the definition of Crossing Island unless a subsequent proposal demonstrates a clear need for the term throughout the MUTCD. Alternatively, provide additional justification in the discussion section supporting establishment of a new island category.
A53: 26B-PED-02 | B53: HFR | D53: Erin Kissner | F53: X | H53: 174 | I53: 175 | L53: Consider whether the definitiion of "Crossing Island" be added to the MUTCD, given that it doesn't seem to appear anywhere else in the Manual. If there is a reason to add a definition for a term not currently used in the manual, please consider revising to better reflect its functions beyond enhancing driver identification of the crossing location.
A54: 26B-PED-02 | B54: AASHTO | C54: Utah | D54: David Bezzant | F54: X | H54: 174 | I54: 178 | L54: We support distinguishing crossing islands from pedestrian refuge islands and aligning the refuge definition with PROWAG. Clarify that meeting the six-foot dimension alone does not establish full accessibility compliance or suitability for a staged pedestrian crossing. Applicable requirements for the pedestrian access route, detectable warnings, and signal operation remain separate considerations. Evaluate the existing MUTCD provisions that depend on the term “pedestrian refuge island” before adopting the definition separately from the planned terminology revisions. Explain how those provisions apply to shorter crossing islands, particularly where pedestrian timing or two-stage crossing operation depends on the availability of a refuge. Identify substantive changes in applicability separately from editorial terminology changes.
A55: 26B-PED-02 | B55: AASHTO | C55: Idaho | D55: Ryan Lancaster | H55: 174 | I55: 181 | L55: - I recognize that "pedestrian refuge island" and "splitter island" are terms used in our industry, but I'd roll these into C and D of 115 and not have sub-sub-definitions. - I can see that an access control 'pork chop' fits into the definition of "median island." It also fits into the definition of "splitter island" except for line 181 which refers to a roundabout. Perhaps line 181 can be deleted. - As I commented on lines 166-167, if saying roundabout, should also refer to "circular intersection."
A56: 26B-PED-02 | B56: ASCE | D56: Bob Bryson | F56: X | H56: 176 | I56: 177 | L56: To clarify the language in PROWAG, the proposed definition of Pedestrian Refuge Island should be changed to "a crossing island for pedestrian refuge that is a minimum of 6 feet in width at the pedestrian crossing location."
A57: 26B-PED-02 | B57: APBP | D57: Jeremy Chrzan | H57: 176 | I57: 177 | L57: Please replace "a minimum" with "at least". The comment says that the definition is from PROWAG R104.3, but the wording is not a directly copy from PROWAG, which places the word "minimum" after the width criteria. I believe "at least" reads better, but if you wish to use the word minimum either move it after the 6 foot long criteria or include the word "of" after minimum in the current proposal.
A58: 26B-PED-02 | B58: AASHTO | C58: Washington | D58: Dongho Chang | F58: X | H58: 176 | I58: 177 | L58: Concerns about the pedestrian refuge island definition. Consider alternative language: "Pedestrian refuge island - a section of raised pavement or median located between lanes of traffic, designed to provide a location for pedestrians to safely wait for a gap in the traffic so they can finish crossing the road." This definition is from the International Road Assessment Program.
A59: 26B-PED-02 | B59: ITE | D59: Adam Greenstein | F59: X | H59: 176 | I59: 177 | L59: Change wording to "…a minimum of 6 feet long…"
A60: 26B-PED-02 | B60: ITE | D60: Stephen Lewis | H60: 176 | I60: 177 | L60: Incorporating a dimensional requirement into the definition of "Pedestrian Refuge Island" may unintentionally create interpretation issues. Definitions should generally describe the facility rather than embed design criteria. Suggest revising to: "Pedestrian Refuge Island – a crossing island intended to provide refuge for pedestrians crossing a roadway." Move the 6-foot minimum dimension to guidance, accessibility provisions, or a cross-reference to PROWAG rather than the definition itself.
A61: 26B-PED-02 | B61: ITE | D61: Marc Jacobson | F61: X | H61: 176 | I61: 178 | L61: Seems out of place to have a "1)" with no other sub-options. Is there another type of crossing island that could be called out or should the main definition just be for the sub?
A62: 26B-PED-02 | B62: AASHTO | C62: Kentucky | D62: Logan Baker | H62: 176 | L62: Definition for Pedestrian Refuge Island uses the words "pedestrian," "refuge," and "island" which seems problematic.
A63: 26B-PED-02 | B63: ITE | D63: Amitai Lipton | H63: 179 | I63: 179 | L63: The proposed definitions of Median Island (line 179) and Median (lines 184-188) raise the question: When is a Median not a Median Island? It would appear that the "portion of a road separating opposing directions of travel" is also "an island [defined as a raised or marked area between travel lanes] separating opposing directions of travel."
A64: 26B-PED-02 | B64: ITE | D64: Scott Kuznicki | F64: X | H64: 179 | I64: 181 | L64: Is there a need to separately characterize median islands in transition areas, such as in the area between an undivided roadway and a divided highway? These are not technically "splitter" islands but the function is similar.
A65: 26B-PED-02 | B65: ASCE | D65: Benjamin Colucci | F65: X | H65: 180 | I65: 181 | L65: Rename (1) Splitter Island to (e ).
A66: 26B-PED-02 | B66: ITE | D66: Marc Jacobson | H66: 180 | I66: 181 | L66: Seems out of place to have a "1)" with no other sub-options. Is there another type of median island that could be called out or should the main definition just be for the sub?
A67: 26B-PED-02 | B67: ITE | D67: Ahmed Aburahmah | F67: X | H67: 180 | I67: 183 | L67: The bracketed white text in shaded green mentions "definition #268" as Splitter Island but #268 is referred to as "Toll Island" in Line 33 (Page 1) while Toll Island is #252.
A68: 26B-PED-02 | B68: ASCE | D68: Richard Ryabik | H68: 181 | I68: 181 | L68: Need to add "(2) Barrier Island- a median island that permits left turns but prevents vehicles from crossing straight through from a side street" sometimes called a "peanut" in the industry or not by a traffic seperator with mountable curb, no gutters or landscaping.
A69: 26B-PED-02 | B69: ITE | D69: Ronnie Bell | H69: 181 | I69: 181 | L69: The comment should reference definition 252 rather than 268.
A70: 26B-PED-02 | B70: ASCE | D70: Benjamin Colucci | H70: 182 | I70: 183 | L70: Rename (e) Toll Island to (f).
A71: 26B-PED-02 | B71: AASHTO | C71: Idaho | D71: Ryan Lancaster | H71: 182 | I71: 183 | L71: There do not appear to be references to "raised" or marked" in A, B, C, or D. Is it necessary in E to say "raised island?" Seems like it is not.
A72: 26B-PED-02 | B72: AASHTO | C72: South Dakota | D72: Jon Suomala | F72: X | H72: 182 | I72: 183 | L72: I think it needs something after "collection" like "device", unless a "toll collection" is a common name for something similar to a toll booth.
A73: 26B-PED-02 | B73: ITE | D73: Ronnie Bell | H73: 183 | I73: 183 | L73: The comment should reference definition 268 rather than 252.
A74: 26B-PED-02 | B74: AHUA | D74: Randy Dittberner | H74: 185 | L74: I do not understand the reason for adding "continuous" to the definition of "median." As proposed, a median would no longer be a median if one or both of the roadways it separates are not "continuous." I am not sure what "continuous" means in this context. If the area is no longer a median, then what is it? The proposal does not explain why this word needs to be added. It significantly complicates the definition of "median," and I suggest removing it.
A75: 26B-PED-02 | B75: AASHTO | C75: Illinois | D75: Kristie Nyderek | H75: 189 | I75: 191 | L75: Neutral Area - isn't this really just a striped gore? When searching this term throughout the MUTCD, this is another term with a few inconsistent uses (page 635, line 4, and page 639, line 8). This should probably be redined to something more generic, and the current definition should be a diffent phrase, such as "striped gore".
A76: 26B-PED-02 | B76: ASCE | D76: Cong Chen | F76: X | H76: 192 | I76: 193 | L76: 161. Pedestrian definition: what about a person on an e-scooter? Is this definition excluding micromobility devices?
A77: 26B-PED-02 | B77: AASHTO | C77: Idaho | D77: Ryan Lancaster | H77: 203 | I77: 206 | L77: I recommend deleting definitions 252 and 268.
A78: 26B-PED-02 | B78: AASHTO | C78: Kentucky | D78: Logan Baker | H78: 203 | I78: 206 | L78: I would remove these lines entirely since they are defined above. We don't have separate lines for all the other types of islands.
A79: 26B-PED-02 | B79: AHUA | D79: Randy Dittberner | H79: 211 | L79: A comma is missing after "public travel" that was approved in 25A-EDT-01.
A80: 26B-PED-02 | B80: AASHTO | C80: Connecticut | D80: Gregory Palmer | E80: X
A81: 26B-PED-02 | B81: AASHTO | C81: DC | D81: Zhibo Zhang | E81: X
A82: 26B-PED-02 | B82: AASHTO | C82: Delaware | D82: Peter Haag | E82: X
A83: 26B-PED-02 | B83: AASHTO | C83: Georgia | D83: John Hibbard | E83: X
A84: 26B-PED-02 | B84: AASHTO | C84: Indiana | D84: Dave Boruff | E84: X
A85: 26B-PED-02 | B85: AASHTO | C85: Iowa | D85: Chris Poole | E85: X
A86: 26B-PED-02 | B86: AASHTO | C86: Kentucky | D86: Jon Whitaker | E86: X
A87: 26B-PED-02 | B87: AASHTO | C87: Kentucky | D87: Jeff Wolfe | E87: X
A88: 26B-PED-02 | B88: AASHTO | C88: Louisiana | D88: Jody Colvin | E88: X
A89: 26B-PED-02 | B89: AASHTO | C89: Massachusetts | D89: Jim Danila | E89: X
A90: 26B-PED-02 | B90: AASHTO | C90: Michigan | D90: Garrett Dawe | E90: X
A91: 26B-PED-02 | B91: AASHTO | C91: Minnesota | D91: Brian Sorenson | E91: X
... A100: 26B-PED-02 | B100: AASHTO | C100: Wyoming | D100: Christina Spindler | E100: X
A101: 26B-PED-02 | B101: AAR | D101: Tony Bellamy | E101: X
A102: 26B-PED-02 | B102: APBP | D102: Matt Johnson | E102: X
A103: 26B-PED-02 | B103: ARTBA | D103: Tim Lang | E103: X
A104: 26B-PED-02 | B104: ASCE | D104: Tom Heydel | E104: X
A105: 26B-PED-02 | B105: ASCE | D105: William Eidson | E105: X
A106: 26B-PED-02 | B106: ATSSA | D106: Eric Perry | E106: X
A107: 26B-PED-02 | B107: IBTTA | D107: Shannon Bonilla | E107: X
A108: 26B-PED-02 | B108: IMSA | D108: Robert Little | E108: X
A109: 26B-PED-02 | B109: ITE | D109: Kathy Falk | E109: X
A110: 26B-PED-02 | B110: ITE | D110: Neal Hawkins | E110: X
...

Sheet 26B-RR-01
A1: A | B1: B | C1: C | D1: D | E1: E | F1: F | G1: G | H1: H | I1: I | J1: J | K1: K | L1: L | M1: M
H2: If Concur in Part, or Do Not Concur, please identify the line number(s), Table Number, or Figure Number and enter comment
A3: ID of Technical Committee Recommendation | B3: Name of Sponsoring Organization | C3: If from AASHTO, name of responding state | D3: Name of responding individual | E3: Fully Concur | F3: Concur in Part | G3: Do Not Concur | H3: Line Number start | I3: Line Number end | J3: Figure Number | K3: Table Number | L3: Comment | M3: TC / JTF Disposition of Comment
A6: 26B-RR-01 | B6: ASCE | D6: Bob Bryson | F6: X | H6: General | L6: (no comment included)
A7: 26B-RR-01 | B7: AHUA | D7: Jonathan Upchurch | F7: X | H7: 6 | I7: 6 | L7: Change "Advanced" to "Advance"
A8: 26B-RR-01 | B8: AASHTO | C8: Idaho | D8: Ryan Lancaster | F8: X | H8: 28 | I8: 35 | L8: One extra "e" in the spelling of "judgment" on lines 31 and 35. Friendly reminder that the MUTCD spells judgment with one "e."
A9: 26B-RR-01 | B9: AASHTO | C9: Illinois | D9: Kristie Nyderek | G9: X | H9: 67 | I9: 68 | L9: Do not recommend deleting "and Table 2C-3." Referencing both the table and the section does not limit a person to use engineering judgement.
A10: 26B-RR-01 | B10: ITE | D10: Amitai Lipton | F10: X | H10: 71 | I10: 71 | L10: Editorial: criteria is a plural word. Change the beginning of line 71: "2C.35 is are met."
A11: 26B-RR-01 | B11: AHUA | D11: Randy Dittberner | F11: X | H11: 71 | L11: The phrase "is met" should be "are met" for subject-verb agreement.
A12: 26B-RR-01 | B12: AASHTO | C12: Idaho | D12: Ryan Lancaster | H12: 72 | I12: 74 | L12: The sentence addressing "minimum distance between signs" is a standard that refers to Section 2C.04 where guidance addresses minimum spacing between warning signs (Par. 4). The sentence on lines 72-74 is essentially saying the Part 8 user 'shall' follow the 'guidance' in Part 2, which an awkward construct. Perhaps change the sentence to guidance to match Part 2.
A13: 26B-RR-01 | B13: AASHTO | C13: Kentucky | D13: Jeff Wolfe | F13: X | H13: 72 | I13: 74 | L13: I don't think you need both Standard statements at the end of P3. The 2nd to last sentence addresses sign placement in general, and the last sentence addresses the specific distance between "the signs". But both say "in accordance with Section 2C.04" and are somewhat redundant. I think that either sentence could be deleted without impact. I would favor deleting the last sentence for simplicity.
A14: 26B-RR-01 | B14: APBP | D14: Jeremy Chrzan | F14: X | H14: 72 | I14: 74 | L14: Could these two sentences be combined into one sentence? "The Yield Ahead or Stop Ahead sign and the minimum distance between signs shall be located in accordance with Section 2C.04." Or does the part about spacing need to be provided at all if we're already saying "The sign placement shall be in accordance with Section 2C.04."
A15: 26B-RR-01 | B15: IBTTA | D15: Shannon Bonilla | F15: X | H15: 72 | I15: 74 | L15: Since both sentences reference Section 2C.04, can they be combined into one sentence?
A16: 26B-RR-01 | B16: AASHTO | C16: Illinois | D16: Kristie Nyderek | H16: 73 | I16: 74 | L16: Keep both the table and the Section. But Section 2C.04 doesn't really give guidance on the sign spacing. But in most other sections, it is 200-500 feet. Recommend that it should be that. But let's say it is 200 feet. Is it OK that the STOP [YIELD] AHEAD are that much closer to the Stop location? At 55, if the RXR sign is at 495 feet, then the Stop (Yield) Ahead sign is at 300 feet. That seems really close.
A17: 26B-RR-01 | B17: AASHTO | C17: Illinois | D17: Kristie Nyderek | H17: 76 | I17: 77 | L17: Being how big of a deal RXR crossings are, should this really be a "should" starement?
A18: 26B-RR-01 | B18: AASHTO | C18: Idaho | D18: Ryan Lancaster | H18: 84 | I18: 89 | L18: I concur with changing the standard to guidance. However, the rest of the sentence is written in the same incomprehensible gibberish found in most of Part 4. I recommend rewording to, "When the W10-2, W10-3, or W10-4 sign is used, Table 2C-3 should be used for advance placement distance guidelines." This reworded sentence is similar to the "notes" used on several figures in Chapter 2C. The information about using the speed of the parallel road is unnecessary because the signs will be posted on parallel road so obviously that speed on that road will be used to determine sign location.
A19: 26B-RR-01 | B19: AHUA | D19: Jonathan Upchurch | H19: 88 | I19: 89 | L19: The proposed text refers to "guidelines for Intersection Warning signs in Table 2C-3." There is no mention of "Intersection Warning signs" in Table 2C-3. Perhaps this is intended to refer to Condition B, 0 mph (which has a footnote 3). If this is the case, the proposed text needs to be revised to make it much more clear.
A20: 26B-RR-01 | B20: AHUA | D20: Randy Dittberner | H20: 88 | I20: 89 | L20: I understand that this is existing MUTCD text with "shall" changed to "should," but this sentence is hard to digest. The subject ("sign placement") is separated from the verb ("should be measured") by a long clause. As written, it is easy to misinterpret that the paragraph means "the speed of through traffic should be measured." It is also confusing because "placement" is not something that is "measured." I suggest rewording as: "If a W10-2, W10-3, or W10-4 sign is used, the sign should be placed such that the distance between the sign and the highway intersection complies with the guidelines for Intersection Warning signs in Table 2C-3 using the speed of through traffic."
A21: 26B-RR-01 | B21: AASHTO | C21: Washington | D21: Dongho Chang | F21: X | H21: 88 | I21: 89 | L21: Recommend deleting "using the speed of through traffic should be measured from the highwy intersection."
A22: 26B-RR-01 | B22: AASHTO | C22: Minnesota | D22: Brian Sorenson | F22: X | H22: 88 | I22: 89 | L22: Recommend removing "using the speed of through traffic should be measured from the highway intersection." Using the through traffic speed provides an unnecessarily long advance placement distances for this warning condition which is not applicable to through traffic on the highway. The through traffic will not be stopping at the highway intersection. The warning is only applicable to turning traffic which already needs to slow down enough to make a turn movement at the intersection. This deceleration in preparation for a turn occurs regardless of the presence of a railroad crossing. Therefore, the W10-2/3/4 should be able to be placed at lower advance placement distances according to enigneering judgment, similar to Note 5.
A23: 26B-RR-01 | B23: AASHTO | C23: Kentucky | D23: Jeff Wolfe | H23: 88 | I23: 89 | L23: Proposed guidance statement is primarily composed of existing MUTCD language which is somewhat ill-phrased. I think it could be improved if it (1) emphasized "advance placement of signs", and (2) tied guidance mandate to the use of the Table (rather than the measuring). Suggest something like: "If a W10-2, W10-3, or W10-4 sign is used, advance placement should be in accordance with the guidelines for Intersection Warning signs in Table 2C-3, using the speed of through traffic and measuring from the highway intersection."
A24: 26B-RR-01 | B24: ITE | D24: Kathy Falk | F24: X | H24: 88 | I24: 89 | L24: I understand this is just moving an existing sentence from Standard to Guidance. This sentence has a lot of information. Is the intent that everything in the sentence is Guidance - the use of Table 2C-3, using the speed of through traffic, and measuring from the highway intersection? The existing sentence is also unclear as to which through traffic it is referring to - it infers that it is referencing the speed of through traffic on the parallel highway. Consider clarifing this sentence when it is moved to Guidance, assuming all of the parameters are meant to be Guidance to: "If used, the placement distance for a W10-2, W10-3, or W10-4 sign should be measured from the highway intersection in accordance with Table 2C-3, using the speed of through traffic on the parallel highway." This could also be split into 2 sentences, such as, "If used, the placement of a W10-2, W10-3, or W10-4 sign should be measured from the highway intersection. The distance should be determined in accordance with Table 2C-3, using the through-traffic speed on the parallel highway."
A25: 26B-RR-01 | B25: ITE | D25: Nathan Conard | F25: X | H25: 88 | I25: 89 | L25: Suggest rewording guidance statement in paragraph 06a to read "“If the W10‑2, W10‑3, or W10‑4 sign is used, sign placement should be measured from the highway intersection in accordance with Section 2C.04.” This references the Section instead of Table 2C-3 as the proposal discusses.
A26: 26B-RR-01 | B26: ITE | D26: James Robertson | F26: X | H26: 88 | I26: 89 | L26: I realize the change is just making the prior standard a guidance, however, the sentence is awkward and could be better written. Therefore, I suggest cleaning it up a bit. For example, it could be written: "If the W10-2, W10-3, or W10-4 sign is used on the approach to a highway intersection, the sign placement distance should be measured from the highway intersection and the sign placement distance should be based upon the guidelines for Intersection Warning signs in Table 2C-3 using the speed of through traffic."
A27: 26B-RR-01 | B27: ITE | D27: Ahmed Aburahmah | F27: X | H27: 89 | I27: 89 | L27: Substitute the word "highway" for "road".
A28: 26B-RR-01 | B28: ASCE | D28: Tom Heydel | H28: 89 | I28: 89 | L28: Also , line 89 indicates to use Table 2C-3
A29: 26B-RR-01 | B29: AASHTO | C29: Wisconsin | D29: Kris Sommers | F29: X | H29: 93 | I29: 95 | J29: 8C-1 | L29: 1. In Figure 8C-1, in the asterisked statement to the right of the pavement marking symbol, the note should be fixed to be consistent with 8C.02(08). Proposed changes shown below: *When used, a portion of the pavement marking X symbol should be directly opposite the Grade Crossing Advance Warning (W10-1) sign."
A30: 26B-RR-01 | B30: AASHTO | C30: Wisconsin | D30: Kris Sommers | H30: 93 | I30: 95 | J30: 8C-1 | L30: 2. In Figure 8C-1, below (formerly south of) the NO PASSING ZONE sign, the pavement marking should be a two-direction passing zone marking with a broken yellow line. This change would be consistent with the Standard in MUTCD 2C.53(01), which requires the NO PASSING ZONE sign to be installed at the beginning of the no-passing zone identified by pavement markings (underline added for emphasis). The current figure implies that the no-passing zone for upwards (formerly northbound) traffic had begun earlier.
A31: 26B-RR-01 | B31: AASHTO | C31: Illinois | D31: Kristie Nyderek | H31: 93 | I31: 95 | J31: 8C-1 | L31: Recommend referencing them both. Also the No Passing Zone sign is in a No passing zone. 2C.53 says that it shall be installed at the beginning of a no passing zone. To show the sign like that, they pavement marking in the figure needs to be changed. Recommend keepin the sign as is but show the pavement markings as skips, starting the solid line at the pavement marking symbol.
A32: 26B-RR-01 | B32: NACTO | D32: Sabine King | F32: X | H32: 93 | I32: 95 | J32: 8C-1 | L32: OK with proposed changed and suggest additional update: "Stop line approximately 8 ft upstream from gate" should read "min. 8 ft from gate or flashing-light signals" (FRA will not accept less than 8')
A33: 26B-RR-01 | B33: ASCE | D33: Tom Heydel | F33: X | H33: 94 | I33: 94 | L33: The figure needs to reference Table 2C-3 not just section 2C.04 because the table shows the distances
A34: 26B-RR-01 | B34: AASHTO | C34: Connecticut | D34: Gregory Palmer | E34: X
A35: 26B-RR-01 | B35: AASHTO | C35: DC | D35: Zhibo Zhang | E35: X
A36: 26B-RR-01 | B36: AASHTO | C36: Delaware | D36: Peter Haag | E36: X
A37: 26B-RR-01 | B37: AASHTO | C37: Georgia | D37: John Hibbard | E37: X
A38: 26B-RR-01 | B38: AASHTO | C38: Indiana | D38: Dave Boruff | E38: X
A39: 26B-RR-01 | B39: AASHTO | C39: Iowa | D39: Chris Poole | E39: X
A40: 26B-RR-01 | B40: AASHTO | C40: Kentucky | D40: Jon Whitaker | E40: X
A41: 26B-RR-01 | B41: AASHTO | C41: Louisiana | D41: Jody Colvin | E41: X
A42: 26B-RR-01 | B42: AASHTO | C42: Maryland | D42: Achyut Neupane | E42: X
A43: 26B-RR-01 | B43: AASHTO | C43: Massachusetts | D43: Jim Danila | E43: X
A44: 26B-RR-01 | B44: AASHTO | C44: Michigan | D44: Garrett Dawe | E44: X
A45: 26B-RR-01 | B45: AASHTO | C45: Mississippi | D45: James Sullivan | E45: X
... A58: 26B-RR-01 | B58: AASHTO | C58: Wyoming | D58: Christina Spindler | E58: X
A59: 26B-RR-01 | B59: AAR | D59: Tony Bellamy | E59: X
A60: 26B-RR-01 | B60: APBP | D60: Matt Johnson | E60: X
A61: 26B-RR-01 | B61: APBP | D61: Bailey Waters | E61: X
A62: 26B-RR-01 | B62: ARTBA | D62: Tim Lang | E62: X
A63: 26B-RR-01 | B63: ASCE | D63: Richard Ryabik | E63: X
A64: 26B-RR-01 | B64: ASCE | D64: Benjamin Colucci | E64: X
A65: 26B-RR-01 | B65: ASCE | D65: William Eidson | E65: X
A66: 26B-RR-01 | B66: ATSSA | D66: Eric Perry | E66: X
A67: 26B-RR-01 | B67: HFR | D67: Erin Kissner | E67: X
A68: 26B-RR-01 | B68: IMSA | D68: Robert Little | E68: X
A69: 26B-RR-01 | B69: ITE | D69: Eagan L. Foster | E69: X
A70: 26B-RR-01 | B70: ITE | D70: Marc Jacobson | E70: X
... A99: 26B-RR-01 | B99: NACE | D99: Lee Billingsley | E99: X
A102: Total Commentors: | E102: =COUNTIF(E5:E101,"X") -> 66 | F102: =COUNTIF(F5:F101,"X") -> 17 | G102: =COUNTIF(G5:G101,"X") -> 1
A103: Total Comments: | L103: =COUNTA(L5:L101) -> 28

Sheet 26B-RR-02
A1: A | B1: B | C1: C | D1: D | E1: E | F1: F | G1: G | H1: H | I1: I | J1: J | K1: K | L1: L | M1: M
H2: If Concur in Part, or Do Not Concur, please identify the line number(s), Table Number, or Figure Number and enter comment
A3: ID of Technical Committee Recommendation | B3: Name of Sponsoring Organization | C3: If from AASHTO, name of responding state | D3: Name of responding individual | E3: Fully Concur | F3: Concur in Part | G3: Do Not Concur | H3: Line Number start | I3: Line Number end | J3: Figure Number | K3: Table Number | L3: Comment | M3: TC / JTF Disposition of Comment
A6: 26B-RR-02 | B6: AASHTO | C6: Oregon | D6: Katie Johnson | G6: X | H6: General | L6: This revision adds more ambiguity overall. The deleted Option in Section 8E.07 P05 was helpful guidance to the diagnostic team when considering active traffic control systems for sidewalks/ped paths.Also, the language for the diagnostic team throughout Chapter 8 needs to be consistent in that the diagnostic team ONLY provides recommendations via an engineering study for the approval authority to make a final decision on....the diagnostic team DOES NOT determine or make decisions on what traffic control devices are approved or actually installed. In addition, diagnostic team members can have differing opinions and the various recommendation(s) may not be unanimous. Again, the approval authority is ultimate decision maker for traffic control devices and should consider all data received from the diagnostic team in their decision.
A7: 26B-RR-02 | B7: AASHTO | C7: Pennsylvania | D7: Steve Gault | G7: X | H7: General | L7: If the skew results in a longer distance for users of the sidewalk or pathway to travel between the traffic control warning devices at the grade crossing and the grade crossing, this could be accounted for with an increased Advance Warning Time. The existing language also doesn't prohibit adding a flashing-light signal for the sidewalk or pathway if the offset distance is less than 25 feet. The existing language provides flexibility to determine the most appropriate traffic control based on site-specific conditions.
A8: 26B-RR-02 | B8: AASHTO | C8: North Carolina | D8: Jennifer Portanova | F8: X | H8: General | L8: The new figure for the skewed crossing shows the pedestrian crossing closer to the tracks than the vehicular crossing. It may be better to place the pedestrian flasher, detectable warning, and stop line so that the pedestrians can see and hear the lights and gates installed for the vehicle. This seems more critical for multi-track crossings that create a double threat condition. Trains move in different directions on different tracks could encourage pedestrians to start crossing immediately after one train passes only to be struck by the second train that was shielded from their view. The Crossing gates and flashers would continue to operate and block traffic.
A9: 26B-RR-02 | B9: ITE | D9: Neal Hawkins | F9: X | H9: General | L9: The revised Standard in Section 8E.02 states that traffic control devices shall be determined by the Diagnostic Team. This could be interpreted as transferring decision-making authority from the agencies having jurisdiction over the crossing to the Diagnostic Team. The existing language specifies that the Diagnostic Team includes the agency with jurisdiction over the sidewalk or pathway, but that provision is proposed for deletion. Before advancing, the committee should confirm that the revised language preserves appropriate agency authority and participation while maintaining consistency with Section 8A.03.
A10: 26B-RR-02 | B10: ITE | D10: Louis Rubenstein | F10: X | H10: General | L10: It would be more helpful to young practioners to show typical values of TCD locations. Incude a a statement that the Diagnostic team shall make the final decision as to TCD selected and its placement.
